Workbook
Name __123Graph_A: #REF!
Name __123Graph_A: #REF!
Name __123Graph_A: #REF!
Name __123Graph_A: #REF!
Name __123Graph_AGraph2: #REF!
Name __123Graph_AGraph2: #REF!
Name __123Graph_AGraph2: #REF!
Name __123Graph_AGraph2: #REF!
Name __123Graph_X: #REF!
Name __123Graph_X: #REF!
Name __123Graph_X: #REF!
Name __123Graph_X: #REF!
Name _Fill: #REF!
Name _Fill: #REF!
Name _Fill: #REF!
Name _Fill: #REF!
Name _Key1: #REF!
Name _Key1: #REF!
Name _Key1: #REF!
Name _Key1: #REF!
Name _MttoRp2: #REF!
Name _MttoRp2: #REF!
Name _scenchg1: #REF!
Name _scenchg1: #REF!
Name _scenchg1: #REF!
Name _scenchg1: #REF!
Name _Sort: #REF!
Name _Sort: #REF!
Name _Sort: #REF!
Name _Sort: #REF!
Name _X: #REF!
Name _X: #REF!
Name _X: #REF!
Name _X: #REF!
Name _X_10: #REF!
Name _X_10: #REF!
Name _X_10: #REF!
Name _X_10: #REF!
Name _X_3: #REF!
Name _X_3: #REF!
Name _X_3: #REF!
Name _X_3: #REF!
Name _X_4: #REF!
Name _X_4: #REF!
Name _X_4: #REF!
Name _X_4: #REF!
Name _X_5: #REF!
Name _X_5: #REF!
Name _X_5: #REF!
Name _X_5: #REF!
Name _X_6: #REF!
Name _X_6: #REF!
Name _X_6: #REF!
Name _X_6: #REF!
Name _X_7: #REF!
Name _X_7: #REF!
Name _X_7: #REF!
Name _X_7: #REF!
Name _X_8: #REF!
Name _X_8: #REF!

Sheet Estudio de Mercado
A1: COTIZACIONES HERRAMIENTAS E INSUMOS
A2: ELEMENTO | B2: DESCRIPCION | C2: UNIDAD | D2: DOTACIONES DEL TOLIMA | E2: DISTRIDOTACIONES | F2: DORA EXPRESS DEL TOLIMA | G2: FERREFLEJES | H2: CENTRAL PECUARIA | I2: ACEROS P&G | J2: COLFRUTALES | K2: CEMPROFOREST | L2: SEV COLOMBIA | M2: ALVARO RODRIGUEZ S. | N2: PROMEDIOS | O2: KILO | P2: GRAMO
A3: INSUMOS AGRICOLAS
A4: Abono orgánico compostado -Lombriabono | B4: Lombroabono: polvo granular color café oscuro con olor caracteristico a tierra húmeda, obtenido por medio de la transformacion de la materia orgánica con lombriz roja californiana. Con Registro ICA y etiquetado cada bulto indicando las caracteristicas fisicoquimicas y biologicas del lombriabono. | C4: Bulto 50 Kg | G4: 65000 | I4: 67200 | J4: 70000 | K4: 69000 | L4: 68500 | N4: =+(J4+K4+L4+G4+I4)/5 -> 67940 | O4: =+N4/50 -> 1358.8
A5: Insecticida granular (hormiga) | B5: Cebo toxico control hormiga cortadora de hoja (Ingrediente Activo: Abamectina: Avermectina B1a, mezcla de avermectinas) | C5: Libra 500 gr | G5: 38500 | H5: 23450 | I5: 39500 | N5: =+(G5+H5+I5)/3 -> 33816.667
A6: Fertilizante Quimico Compuesto (Tripe 15) | B6: Fertilizante quimico compuesto N-P-K: Nitrógeno Total 15% (con mayor contenido de Nitrógeno Amoniacal) Fósforo asimilable como (P2O5) ………… 15% Potasio Soluble en Agua (K2O) 15% Apariencia sólida granulado de color beige. Inoloro o débil olor. Ph (solución 5%) 5,5-6,0. Con REGISTRO ICA. | C6: Bulto 50 Kg | G6: 190000 | H6: 121700 | I6: 195000 | N6: =+(G6+H6+I6)/3 -> 168900 | O6: =+N6/50 -> 3378
A7: Fertilizante Quimico Compuesto | B7: Agrimins (NPK. Em) | C7: Bulto 46 Kg | G7: 185000 | H7: 133800 | I7: 190000 | N7: =+(G7+H7+I7)/3 -> 169600 | O7: =+N7/46 -> 3686.9565
A8: Fertilizante Quimico Compuesto (Triple 18) | B8: Fertilizante quimico compuesto N-P-K: Nitrógeno Total 18,4% (con mayor contenido de Nitrógeno organico) Fósforo asimilable como (P2O5) ………… 18% Potasio Soluble en Agua (K2O) 18% Totalmente soluble en agua, 100 % asimilable diseñado para preparar soluciones nutritivas para uso foliar y radicular en todo tipo de cultivos. Con REGISTRO ICA. | C8: =+C6 -> Bulto 50 Kg | G8: 180000 | H8: 141800 | I8: 182300 | N8: =+(G8+H8+I8)/3 -> 168033.33 | O8: =+N8/50 -> 3360.6667
A9: Fertilizante | B9: Fosfato Diamonico DAP | C9: =+C7 -> Bulto 46 Kg | G9: 190200 | H9: 177400 | I9: 193450 | N9: =+(G9+H9+I9)/3 -> 187016.67 | O9: =+N9/46 -> 4065.5797
A10: Fertilizante Quimico Simple | B10: Urea | C10: =+C8 -> Bulto 50 Kg | G10: 180000 | H10: 116400 | I10: 182300 | N10: =+(G10+H10+I10)/3 -> 159566.67 | O10: =+N10/50 -> 3191.3333
A11: Herbicida graminicida (Galón/Ha) | B11: SOCIO | G11: 49200 | H11: 25150 | I11: 49750 | N11: =+(G11+H11+I11)/3 -> 41366.667
A12: GRAMINICIDA Lt | B12: CAMPERO | C12: Litro | G12: 49200 | H12: 33450 | I12: 48600 | N12: =+(G12+H12+I12)/3 -> 43750
A13: Insecticida Liquido | B13: Cipermitrina | C13: Litro | G13: 34500 | H13: 27650 | I13: 35500 | N13: =+(G13+H13+I13)/3 -> 32550
A14: Insecticida Liquido | B14: Amulet | C14: Litro | G14: 68500 | I14: 67600 | N14: =+(G14+H14+I14)/2 -> 68050
A15: Abonaza (Gr./Arb.) | B15: Gallinaza - Compost | C15: Bulto | G15: 41500 | H15: 27500 | I15: 42500 | N15: =+(G15+H15+I15)/3 -> 37166.667
A16: Correctivo | B16: Cal dolomita | C16: Bulto 50 Kg | G16: 35600 | H16: 14500 | I16: 37100 | N16: =+(G16+H16+I16)/3 -> 29066.667 | O16: =+N16/50 -> 581.33333
A17: Correctivo | B17: Hidroretenedor (Debe ser con copolimero de acrilamida y crilato de potasio. | C17: Kilo | G17: 63500 | H17: 43900 | I17: 65500 | N17: =+(G17+H17+I17)/3 -> 57633.333
A18: Pintura (Color Amarillo) | B18: Aceite | C18: Galon | G18: 48500 | I18: 49600 | N18: =+(G18+H18+I18)/2 -> 49050
A19: Disolvente | B19: Tiner | C19: Galon | G19: 38600 | I19: 39500 | N19: =+(G19+H19+I19)/2 -> 39050
A20: HERRAMIENTAS AGRICOLAS
A22: Lima | B22: Triangular 6" | C22: Unidad | G22: 5900 | H22: 4150 | I22: 5500 | N22: =+(G22+H22+I22)/3 -> 5183.3333
A23: Machete | B23: Tres Canales 20" | C23: Unidad | G23: 29500 | H23: 21400 | I23: 28900 | N23: =+(G23+H23+I23)/3 -> 26600
A24: Azadon | B24: Pachuno con Cabo | C24: Unidad | G24: 48600 | H24: 42100 | I24: 45300 | N24: =+(G24+H24+I24)/3 -> 45333.333
A25: Paladraga | B25: Con Mango | C25: Unidad | G25: 73500 | H25: 59200 | I25: 75000 | N25: =+(G25+H25+I25)/3 -> 69233.333
A26: Palin | B26: Ahoyador con Cabo | C26: Unidad | G26: 38500 | H26: =19000+8613 -> 27613 | I26: 39500 | N26: =+(G26+H26+I26)/3 -> 35204.333
A27: Alambre | B27: Pua 12.5 x 350 Mts. | C27: Rollo | G27: 282500 | H27: 229400 | I27: 285000 | N27: =+(G27+H27+I27)/3 -> 265633.33
A28: Alambre dulce | B28: Galvanizado 12.5 x 25 Kilos | C28: Rollo | H28: 259777 | N28: =+H28 -> 259777 | O28: =+N28/25 -> 10391.08
A29: Pivotes | B29: Aislador Pivote Amarillo x 100 unidades (con puntilla) | C29: Bolsa | H29: 31535 | N29: =+H29 -> 31535
A30: Grapa | B30: Galvanizada 1 1/4" | C30: Kilo | G30: 8900 | H30: 7400 | I30: 8550 | N30: =+(G30+H30+I30)/3 -> 8283.3333
A31: Barra Acero | B31: 16 Lbs. | C31: Unidad | G31: 98500 | H31: 90800 | I31: 99500 | N31: =+(G31+H31+I31)/3 -> 96266.667
A32: Martillo | B32: Acero 27" | C32: Unidad | G32: 28500 | H32: 17500 | I32: 27900 | N32: =+(G32+H32+I32)/3 -> 24633.333
A33: Alicate | B33: Tipo Diablo | C33: Unidad | G33: 47600 | H33: 39100 | I33: 49200 | N33: =+(G33+H33+I33)/3 -> 45300
A34: Brocha | B34: Punta Verde 3" | C34: Unidad | G34: 14800 | I34: 15500 | N34: =+(G34+H34+I34)/2 -> 15150
A35: Fumigadora | B35: Bomba espalda 20 Lts | C35: Unidad | G35: 430600 | H35: 378550 | I35: 445000 | N35: =+(G35+H35+I35)/3 -> 418050
A36: ELEMENTOS DE PROTECCION PERSONAL
A37: Bota | B37: Caucho Caña Alta | C37: Par | D37: 60000 | E37: 75000 | F37: 68000 | N37: =+(D37+E37+F37)/3 -> 67666.667
A38: Guantes | B38: Carnaza | C38: Par | D38: 18000 | E38: 25000 | F38: 22000 | N38: =+(D38+E38+F38)/3 -> 21666.667
A39: Guantes | B39: nitrilo | C39: par | D39: 9000 | E39: 13000 | F39: 11000 | N39: =+(D39+E39+F39)/3 -> 11000
A40: Tapabocas | B40: Desechable, De tres pliegues, Con cordón elástico, Empaque individual | C40: Unidad | D40: 300 | E40: 1000 | F40: 360 | N40: =+(D40+E40+F40)/3 -> 553.33333
A41: Gafas | B41: Seguridad | C41: Unidad | D41: 15000 | E41: 19000 | F41: 17000 | N41: =+(D41+E41+F41)/3 -> 17000
A42: Sombrero | B42: Tipo Pava | C42: Unidad | D42: 30000 | E42: 48000 | F42: 43000 | N42: =+(D42+E42+F42)/3 -> 40333.333
A43: Camiseta | B43: Camibuso tipo polo, manga Larga, 100% algodón, gramaje de 18 con logo institucional bordado. | C43: Unidad | D43: 60000 | E43: 75000 | F43: 68000 | N43: =+(D43+E43+F43)/3 -> 67666.667
A44: POSTERIA GENERAL
A46: Poste (Cualquier color) | B46: Postes Plásticos fabricados con Polietileno de Alta Densidad (HDPE), de 8x8 X 210 cm. (macizos, no huecos), punta piramidal | C46: Unidad | J46: 41000 | K46: 40000 | L46: 40000 | N46: =+(J46+K46+L46)/3 -> 40333.333
A47: Poste | B47: Madera 10*10 Escuadra X 2.20 Mts. Inmunizado | C47: Unidad | J47: 30000 | K47: 29000 | L47: 29000 | N47: =+(J47+K47+L47)/3 -> 29333.333
A48: MATERIAL VEGETAL
A49: ELEMENTO | C49: UNNIDAD
A50: Plantula Forestal | B50: Bolsa de 10 x 18 Calibre 2; de 40 a 60 cm de Altura despues de bolsa. | C50: Unidad | J50: 5500 | K50: 5000 | L50: 4500 | N50: =+(J50+K50+L50)/3 -> 5000
A51: Plantula Frutal Limon | B51: Bolsa de 18 x 46 Calibre 3 de 70 cm de Altura despues de bolsa. | C51: Unidad | J51: 10000 | K51: 9500 | L51: 9500 | N51: =+(J51+K51+L51)/3 -> 9666.6667
A52: VALLAS GENERAL
A53: Valla 1x2 | B53: Conformada por dos columnas en madera rolliza de pino patula inmunizado de 5mt de alto con una base de 1mt, cubierta de impermeabilizante y dos travesaños de 4mt de ancho de la misma madera, las cuales llevaran talladas las estrías donde irán ancladas las tablas de las letras , estas tablas con un espesor de 2cm y con un ancho de 16.5 cm, serán en madera dura e inmunizada y a su vez machi-embradas para darle un mejor ajuste entre las mismas, las letras y logos irán tallados (vaciados) a una profundidad de 4 mm y pintados con esmalte tipo 1, para darle mayor durabilidad, la madera se le aplicara 3 manos de barnex exterior para protegerlo del sol y la lluvia, estos avisos será anclados a los dos huecos que tendrán un profundidad de 80 cm X 35 cm de ancho X 35 cm de largo, una vez parada la valla se le aplicara concreto de2500 psi, Para aislar la madera de la tierra y darle una mayor firmeza y durabilidad en su anclaje y buenas condiciones de la madera, en la parte inferior del hueco se instalara un piedra plana para evitar el hundimiento de la valla. | C53: Unidad | G53: 6300000 | I53: 6500000 | M53: 10600000 | N53: =+(G53+I53+M53)/3 -> 7800000
A55: COSTO MANO DE OBRA | B55: > 10 SMMLV
A56: SMLVM | B56: 1300000
A57: Aux. trasnporte | B57: 162000
A58: DEVENGADO MENSUAL | B58: =+B56+B57 -> 1462000
A59: Salud 8.5% | B59: =+B56*8.5% -> 110500
A60: PENSION 12% | B60: =+B56*8% -> 104000
A61: ARL 2.436% | B61: =+B56*2.436% -> 31668
A62: Parafiscales 9% | B62: =+B56*9% -> 117000
B63: =SUM(B58:B62) -> 1825168
A64: PRESTACIONES SOCIALES
A65: Primas 8.33% | B65: =+B58*8.3333% -> 121832.85
A66: Cesantías 8.33% | B66: =+B58*8.3333% -> 121832.85
A67: Intes/cesantías 12% | B67: =+((B66*30)*0.12/360)*12 -> 14619.942
A68: Vacaciones 4.17% | B68: =+B56*4.17% -> 54210
A69: TOTAL PRESTACIONES | B69: =SUM(B65:B68) -> 312495.63
A70: TOTAL COSTO POR MES | B70: =+B63+B69 -> 2137663.6
A71: JORNALES TRABAJADOR MES | B71: =+B63/30 -> 60838.933
A72: VR. JORNAL INCLUIDA CARGA PREST. | B72: =ROUND(B70/30,0) -> 71255

Sheet Establec predio publico
B3: COSTOS ESTABLECIMIENTO CORTOLIMA
B4: SISTEMA A IMPLEMENTAR: | C4: REFORESTACION PROTECTORA CON ESPECIES NATIVAS
B5: CORPORACIÓN / AAU: | C5: CORTOLIMA
B6: NOMBRE DEL PROYECTO : | C6: ESTABLECIMIENTO DE 44 HAS DE REFORESTACIÓN PROTECTORA EN EL DEPARTAMENTO DEL TOLIMA
B8: DISEÑO DE LA PLANTACIÓN | C8: ALEATORIO | E8: Costo Unitario ($)
B10: 1. Numero de plantulas arboreas por Ha (RP) | D10: 1110 | E10: =+'Estudio de Mercado'!N50 -> 5000
B11: 2. Número de Plántulas Nucleación (50%)por Ha | D11: 936
B12: 2. Número de Plántulas Nucleación (25%)por Ha | D12: 650
B13: 3. Porcentaje de reposición % | D13: 0.1
B14: 4. Insumos Agricolas. | C14: Descripcion | D14: Cantidad Aplicación | E14: Costo $ / kg ó Lt
B15: Fertilizante QuÍmico Compuesto (Gr./Arb.) | C15: Agrimins (NPK.Em) | D15: 40 | E15: =+'Estudio de Mercado'!O7 -> 3686.9565
B16: Fertilizante Quimico Simple (Gr./Arb.) | C16: UREA | D16: 60 | E16: =+'Estudio de Mercado'!O10 -> 3191.3333
B17: Lombriabono (Gr./Arb.) | C17: Humus | D17: 220 | E17: =+'Estudio de Mercado'!O4 -> 1358.8
B18: Fertilizante Quimico Compuesto (Gr./Arb.) | C18: Triple 15 | D18: 70 | E18: =+'Estudio de Mercado'!O6 -> 3378
B19: Correctivo (Gr./Arb.) | C19: Hidroretenedor | D19: 3 | E19: =+'Estudio de Mercado'!N17 -> 57633.333
B20: Correctivo (Kg./Ha.) | C20: Cal dolomita | D20: 50 | E20: =+'Estudio de Mercado'!O16 -> 581.33333
B21: Insecticida líquido (Lts/Ha.) | C21: Amulet | D21: 0.5 | E21: =+'Estudio de Mercado'!N14 -> 68050
B22: Insecticida líquido (Lts/Ha.) | C22: Cipermetryna | D22: 0.5 | E22: =+'Estudio de Mercado'!N13 -> 32550
B23: 5. Costo Jornal Promedio Region (seguridad social, aportes parafiscales, prestaciones sociales) | C23: Jornal | D23: Global | E23: =+'Estudio de Mercado'!B72 -> 71255
B24: 6. Herramientas (5% de la MAO) | C24: Global | D24: 0.03
B25: 7. Elementos de Proteccion Personal (5% de la MO) | C25: Global | D25: 0.03
B26: 8. Costo Flete Promedio Mula (Trans Interno) | C26: Flete | D26: 85000
B27: 9. Transporte Mayor Insumos (% de Insumos) | C27: Global | D27: 0.15
B29: 1. COSTOS DIRECTOS
B30: A. ESTABLECIMIENTO REFORESTACION PROTECTORA SISTEMA TRADICIONAL | F30: hectareas | G30: 18
B31: 1.1 MANO DE OBRA | C31: Unidad | D31: Cantidad / Ha | E31: Valor Unitario ($) | F31: Valor Total/Ha ($) | G31: Valor Total Proyecto ($)
B32: Preparación del terreno | C32: Mts Cuadrados | D32: 10000 | E32: =+(($E$23*E127)/D32) -> 35.6275 | F32: =+D32*E32 -> 356275 | G32: =+F32*$G$30 -> 6412950
B33: Trazado | C33: Arboles | D33: =+$D$10 -> 1110 | E33: =+(($E$23*E128)/D33) -> 128.38739 | F33: =+D33*E33 -> 142510 | G33: =+F33*$G$30 -> 2565180
B34: Plateo (2) | C34: Plateo | D34: =+$D$10 -> 1110 | E34: =+(($E$23*E129)/D34) -> 770.32432 | F34: =+D34*E34 -> 855060 | G34: =+F34*$G$30 -> 15391080
B35: Ahoyado y Repique | C35: Arboles | D35: =+$D$10 -> 1110 | E35: =+(($E$23*E130)/D35) -> 513.54955 | F35: =+D35*E35 -> 570040 | G35: =+F35*$G$30 -> 10260720
B36: Aplicación de Correctivos | C36: Arboles | D36: =+$D$10 -> 1110 | E36: =+(($E$23*D131)/D36) -> 128.38739 | F36: =+D36*E36 -> 142510 | G36: =+F36*$G$30 -> 2565180
B37: Aplicación de Fertilizantes (2) | C37: Arboles | D37: =+$D$10 -> 1110 | E37: =+(($E$23*D132)/D37) -> 256.77477 | F37: =+D37*E37 -> 285020 | G37: =+F37*$G$30 -> 5130360
B38: Transporte interno de insumos | C38: Flete | D38: =+D133 -> 13.611429 | E38: =+D26 -> 85000 | F38: =+D38*E38 -> 1156971.4 | G38: =+F38*$G$30 -> 20825486
B39: Siembra | C39: Arboles | D39: =+$D$10 -> 1110 | E39: =+(($E$23*D134)/D39) -> 320.96847 | F39: =+D39*E39 -> 356275 | G39: =+F39*$G$30 -> 6412950
B40: Control fitosanitario (2) | C40: Arboles | D40: =+$D$10 -> 1110 | E40: =+(($E$23*D135)/D40) -> 128.38739 | F40: =+D40*E40 -> 142510 | G40: =+F40*$G$30 -> 2565180
B41: Reposición (Replante) | C41: Arboles | D41: =+($D$10*D13) -> 111 | E41: =+(($E$23*D136)/D41) -> 1283.8739 | F41: =+D41*E41 -> 142510 | G41: =+F41*$G$30 -> 2565180
B42: Limpias (2) | C42: Mts Cuadrados | D42: 10000 | E42: =+(($E$23*D137)/D42) -> 85.506 | F42: =+D42*E42 -> 855060 | G42: =+F42*$G$30 -> 15391080
B43: Adecuación de Barreras Cortafuego (2) | C43: Mts Lineales | D43: 167 | E43: =+(($E$23*D138)/D43) -> 853.35329 | F43: =+D43*E43 -> 142510 | G43: =+F43*$G$30 -> 2565180
B44: Adecuación de caminos (2) | C44: Global | G44: =+(D139*E23) -> 356275
B45: SUBTOTAL MANO DE OBRA | F45: =+SUM(F32:F44) -> 5147251.4 | G45: =+SUM(G32:G44) -> 93006801
B46: 1.2. INSUMOS
B47: Plántulas + 10% reposición | C47: Plantulas | D47: =+D10*(1+D13) -> 1221 | E47: =+E10 -> 5000 | F47: =+D47*E47 -> 6105000 | G47: =+F47*$G$30 -> 109890000
B48: Elementos menores (NPK. Em) | C48: Kg. | D48: =ROUNDUP((D47*D15)/1000,0) -> 49 | E48: =+E15 -> 3686.9565 | F48: =+D48*E48 -> 180660.87 | G48: =+F48*$G$30 -> 3251895.7
B49: Urea | C49: Kg. | D49: =ROUNDUP((D10*D16)/1000,0) -> 67 | E49: =+E16 -> 3191.3333 | F49: =+D49*E49 -> 213819.33 | G49: =+F49*$G$30 -> 3848748
B50: Humus | C50: Kg. | D50: =ROUNDUP((D10*D17)/1000,0) -> 245 | E50: =+E17 -> 1358.8 | F50: =+D50*E50 -> 332906 | G50: =+F50*$G$30 -> 5992308
B51: Triple 15 | C51: Kg. | D51: =ROUNDUP((D10*D18)/1000,0) -> 78 | E51: =E18 -> 3378 | F51: =+D51*E51 -> 263484 | G51: =+F51*$G$30 -> 4742712
B52: Amulet | C52: Litro | D52: =+D21 -> 0.5 | E52: =+E21 -> 68050 | F52: =+D52*E52 -> 34025 | G52: =+F52*$G$30 -> 612450
B53: Cipermetryna | C53: Litro | D53: =+D22 -> 0.5 | E53: =+E22 -> 32550 | F53: =+D53*E53 -> 16275 | G53: =+F53*$G$30 -> 292950
B54: Cal Dolomita | C54: Kg. | D54: =+D20 -> 50 | E54: =+E20 -> 581.33333 | F54: =+D54*E54 -> 29066.667 | G54: =+F54*$G$30 -> 523200
B55: Hidroretenedor | C55: Kg. | D55: =ROUNDUP((D10*D19)/1000,0) -> 4 | E55: =+E19 -> 57633.333 | F55: =+D55*E55 -> 230533.33 | G55: =+F55*$G$30 -> 4149600
B56: SUBTOTAL INSUMOS | F56: =+SUM(F47:F55) -> 7405770.2 | G56: =+SUM(G47:G55) -> 1.3330386e+08
B57: TOTAL COSTOS SISTEMA TRADICIONAL | F57: =+F45+F56 -> 12553022 | G57: =+G45+G56 -> 2.2631066e+08 | I57: =+G57/G30 -> 12572815 | J57: =+I57*1.17 -> 14710193
B58: B. ESTABLECIMIENTO POR NUCLEACIÓN AL 50% | G58: 13
B59: 1.1 MANO DE OBRA | C59: Unidad | D59: Cantidad / Ha | E59: Valor Unitario ($) | F59: Valor Total/Ha ($) | G59: Valor Total Proyecto ($)
B60: Preparación del terreno | C60: Mts Cuadrados | D60: 10000 | E60: =+(($E$23*E127)/D60) -> 35.6275 | F60: =+D60*E60 -> 356275 | G60: =+F60*$G$58 -> 4631575
B61: Trazado | C61: Arboles | D61: =+$D$10 -> 1110 | E61: =+(($E$23*D128)/D61) -> 128.38739 | F61: =+D61*E61 -> 142510 | G61: =+F61*$G$58 -> 1852630
B62: Plateo (2) | C62: Plateo | D62: =+$D$10 -> 1110 | E62: =+(($E$23*D129)/D62) -> 770.32432 | F62: =+D62*E62 -> 855060 | G62: =+F62*$G$58 -> 11115780
B63: Ahoyado y Repique | C63: Arboles | D63: =+$D$10 -> 1110 | E63: =+(($E$23*E130)/D63) -> 513.54955 | F63: =+D63*E63 -> 570040 | G63: =+F63*$G$58 -> 7410520
B64: Aplicación de Correctivos | C64: Arboles | D64: =+$D$10 -> 1110 | E64: =+(($E$23*E131)/D64) -> 128.38739 | F64: =+D64*E64 -> 142510 | G64: =+F64*$G$58 -> 1852630
B65: Aplicación de Fertilizantes (2) | C65: Arboles | D65: =+$D$10 -> 1110 | E65: =+(($E$23*E132)/D65) -> 256.77477 | F65: =+D65*E65 -> 285020 | G65: =+F65*$G$58 -> 3705260
B66: Transporte interno de insumos | C66: Flete | D66: =+E133 -> 11.564286 | E66: =+D26 -> 85000 | F66: =+D66*E66 -> 982964.29 | G66: =+F66*$G$58 -> 12778536
B67: Siembra | C67: Arboles | D67: =+$D$10 -> 1110 | E67: =+(($E$23*E134)/D67) -> 320.96847 | F67: =+D67*E67 -> 356275 | G67: =+F67*$G$58 -> 4631575
B68: Control fitosanitario (2) | C68: Arboles | D68: =+$D$10 -> 1110 | E68: =+(($E$23*E135)/D68) -> 128.38739 | F68: =+D68*E68 -> 142510 | G68: =+F68*$G$58 -> 1852630
B69: Reposición (Replante) | C69: Arboles | D69: =+($D$11*D13) -> 93.6 | E69: =+(($E$23*E136)/D69) -> 761.27137 | F69: =+D69*E69 -> 71255 | G69: =+F69*$G$58 -> 926315
B70: Limpias (2) | C70: Mts Cuadrados | D70: 10000 | E70: =+(($E$23*E137)/D70) -> 85.506 | F70: =+D70*E70 -> 855060 | G70: =+F70*$G$58 -> 11115780
B71: Adecuación de Barreras Cortafuego (2) | C71: Mts Lineales | D71: 167 | E71: =+(($E$23*E138)/D71) -> 853.35329 | F71: =+D71*E71 -> 142510 | G71: =+F71*$G$58 -> 1852630
B72: Adecuación de caminos (2) | C72: Global | G72: =+(E139*E23) -> 356275
B73: SUBTOTAL MANO DE OBRA | F73: =+SUM(F60:F72) -> 4901989.3 | G73: =+SUM(G60:G72) -> 64082136
B74: 1.2. INSUMOS
B75: Plántulas + 10% reposición | C75: Plantulas | D75: =+D11*(1+D13) -> 1029.6 | E75: =+E10 -> 5000 | F75: =+D75*E75 -> 5148000 | G75: =+F75*$G$58 -> 66924000
B76: Elementos menores (NPK. Em) | C76: Kg. | D76: =ROUNDUP((D75*D15)/1000,0) -> 42 | E76: =+E15 -> 3686.9565 | F76: =+D76*E76 -> 154852.17 | G76: =+F76*$G$58 -> 2013078.3
B77: Urea | C77: Kg. | D77: =ROUNDUP((D11*D16)/1000,0) -> 57 | E77: =+E16 -> 3191.3333 | F77: =+D77*E77 -> 181906 | G77: =+F77*$G$58 -> 2364778
B78: Humus | C78: Kg. | D78: =ROUNDUP((D11*D17)/1000,0) -> 206 | E78: =+E17 -> 1358.8 | F78: =+D78*E78 -> 279912.8 | G78: =+F78*$G$58 -> 3638866.4
B79: Triple 15 | C79: Kg. | D79: =ROUNDUP((D11*D18)/1000,0) -> 66 | E79: =+E18 -> 3378 | F79: =+D79*E79 -> 222948 | G79: =+F79*$G$58 -> 2898324
B80: Amulet | C80: Litro | D80: =+D21 -> 0.5 | E80: =+E21 -> 68050 | F80: =+D80*E80 -> 34025 | G80: =+F80*$G$58 -> 442325
B81: Cipermetryna | C81: Litro | D81: =+D22 -> 0.5 | E81: =+E22 -> 32550 | F81: =+D81*E81 -> 16275 | G81: =+F81*$G$58 -> 211575
B82: Cal Dolomita | C82: Kg. | D82: =+D20 -> 50 | E82: =+E20 -> 581.33333 | F82: =+D82*E82 -> 29066.667 | G82: =+F82*$G$58 -> 377866.67
B83: Hidroretenedor | C83: Kg. | D83: =ROUNDUP((D11*D19)/1000,0) -> 3 | E83: =+E19 -> 57633.333 | F83: =+D83*E83 -> 172900 | G83: =+F83*$G$58 -> 2247700
B84: SUBTOTAL INSUMOS | F84: =+SUM(F75:F83) -> 6239885.6 | G84: =+SUM(G75:G83) -> 81118513
B85: TOTAL COSTOS NUCLEACION 50% | F85: =+F73+F84 -> 11141875 | G85: =+G73+G84 -> 1.4520065e+08 | I85: =+G85/G58 -> 11169281 | J85: =+I85*1.17 -> 13068058
B86: C. ESTABLECIMIENTO POR NUCLEACION AL 25% | G86: 13
B87: 1.1 MANO DE OBRA | C87: Unidad | D87: Cantidad / Ha | E87: Valor Unitario ($) | F87: Valor Total/Ha ($) | G87: Valor Total Proyecto ($)
B88: Preparación del terreno | C88: Mts Cuadrados | D88: 10000 | E88: =+(($E$23*F127)/D88) -> 35.6275 | F88: =+D88*E88 -> 356275 | G88: =+F88*$G$86 -> 4631575
B89: Trazado | C89: Arboles | D89: =+$D$12 -> 650 | E89: =+(($E$23*F128)/D89) -> 219.24615 | F89: =+D89*E89 -> 142510 | G89: =+F89*$G$86 -> 1852630
B90: Plateo (2) | C90: Plateo | D90: =+$D$12 -> 650 | E90: =+(($E$23*F129)/D90) -> 876.98462 | F90: =+D90*E90 -> 570040 | G90: =+F90*$G$86 -> 7410520
B91: Ahoyado y Repique | C91: Arboles | D91: =+$D$12 -> 650 | E91: =+(($E$23*F130)/D91) -> 438.49231 | F91: =+D91*E91 -> 285020 | G91: =+F91*$G$86 -> 3705260
B92: Aplicación de Correctivos | C92: Arboles | D92: =+$D$12 -> 650 | E92: =+(($E$23*F131)/D92) -> 219.24615 | F92: =+D92*E92 -> 142510 | G92: =+F92*$G$86 -> 1852630
B93: Aplicación de Fertilizantes (2) | C93: Arboles | D93: =+$D$12 -> 650 | E93: =+(($E$23*F132)/D93) -> 219.24615 | F93: =+D93*E93 -> 142510 | G93: =+F93*$G$86 -> 1852630
B94: Transporte interno de insumos | C94: Flete | D94: =+F133 -> 8.1771429 | E94: =+D26 -> 85000 | F94: =+D94*E94 -> 695057.14 | G94: =+F94*$G$86 -> 9035742.9
B95: Siembra | C95: Arboles | D95: =+$D$12 -> 650 | E95: =+(($E$23*F134)/D95) -> 328.86923 | F95: =+D95*E95 -> 213765 | G95: =+F95*$G$86 -> 2778945
B96: Control fitosanitario (2) | C96: Arboles | D96: =+$D$12 -> 650 | E96: =+(($E$23*F135)/D96) -> 219.24615 | F96: =+D96*E96 -> 142510 | G96: =+F96*$G$86 -> 1852630
B97: Reposición (Replante) | C97: Arboles | D97: =+($D$12*D13) -> 65 | E97: =+(($E$23*F136)/D97) -> 2192.4615 | F97: =+D97*E97 -> 142510 | G97: =+F97*$G$86 -> 1852630
B98: Limpias (2) | C98: Mts Cuadrados | D98: 10000 | E98: =+(($E$23*F137)/D98) -> 85.506 | F98: =+D98*E98 -> 855060 | G98: =+F98*$G$86 -> 11115780
B99: Adecuación de Barreras Cortafuego (2) | C99: Mts Lineales | D99: 167 | E99: =+(($E$23*F138)/D99) -> 853.35329 | F99: =+D99*E99 -> 142510 | G99: =+F99*$G$86 -> 1852630
B100: Adecuación de caminos (2) | C100: Global | G100: =+(F139*E23) -> 356275
B101: SUBTOTAL MANO DE OBRA | F101: =+SUM(F88:F100) -> 3830277.1 | G101: =+SUM(G88:G100) -> 50149878
B102: 1.2. INSUMOS
B103: Plántulas + 10% reposición | C103: Plantulas | D103: =+D12*(1+D13) -> 715 | E103: =+E10 -> 5000 | F103: =+D103*E103 -> 3575000 | G103: =+F103*$G$86 -> 46475000
B104: Elementos menores (NPK. Em) | C104: Kg. | D104: =ROUNDUP((D103*D15)/1000,0) -> 29 | E104: =+E15 -> 3686.9565 | F104: =+D104*E104 -> 106921.74 | G104: =+F104*$G$86 -> 1389982.6
B105: Urea | C105: Kg. | D105: =ROUNDUP((D12*D16)/1000,0) -> 39 | E105: =+E16 -> 3191.3333 | F105: =+D105*E105 -> 124462 | G105: =+F105*$G$86 -> 1618006
...

Sheet Aisl predio publico
B3: COSTOS AISLAMIENTO
B4: SISTEMA A IMPLEMENTAR: | C4: AISLAMIENTO PARA RESTAURACION ACTIVA
B5: CORPORACIÓN / AAU: | C5: CORTOLIMA
B6: NOMBRE DEL PROYECTO : | C6: INSTALACION DE 1785 METROS LINEALES DE AISLAMIENTO EN PREDIOS PUBLICOS DEL DEPARTAMENTO DEL TOLIMA
B8: META RESTAURACIÓN PASIVA (Has) | C8: 0 | D8: Metros/Has
B10: DISEÑO DE AISLAMIENTO | D10: Costo Unitario $ | E10: ESPECIFICACIONES TECNICAS
B11: # Postes plasticos/KM | C11: 400 | D11: =+'Estudio de Mercado'!N46 -> 40333.333 | E11: Dimensión del poste | G11: (8x8x210cm)
B12: # Postes Piedeamigo/KM | C12: 50 | D12: =+'Estudio de Mercado'!N47 -> 29333.333 | E12: Dimension poste madera (Inmunizado) | G12: (10x10x220 cm)
B13: # Postes de reemplazo/ KM (Mantenimiento) (2%) | C13: =+C11*2% -> 8 | D13: =+'Estudio de Mercado'!N47 -> 29333.333 | E13: Peso poste plastico Aprox. (Kg) | G13: 10
B14: Alambre de pua/Rollos alambre/KM | C14: 9 | D14: =+'Estudio de Mercado'!N27 -> 265633.33 | E14: Peso poste madera Aprox. (Kg) | G14: 16
B15: Alambre galvanizado Kg/Km | C15: 42 | D15: =+'Estudio de Mercado'!O28 -> 10391.08 | E15: Distancia entre postes (m) | G15: 2.5
B16: Grapas/km en kg. (180 Grapas/Kg) | C16: 7 | D16: =+'Estudio de Mercado'!N30 -> 8283.3333 | E16: Distancia entre pie de amigos (m) | G16: 20
B17: Aislador pivote x100 unidades(Bolsa) (con puntilla) | C17: 4.5 | D17: =+'Estudio de Mercado'!H29 -> 31535 | E17: Calibre alambre de púa | G17: 12.5
B18: Galon Pintura (Galon) (Señalizacion) / Km | C18: 1 | D18: =+'Estudio de Mercado'!N18 -> 49050 | E18: Calibre alambre dulce | G18: 12.5
B19: Disolvente THINER (Galon) (Señalizacion) / Km | C19: 1 | D19: =+'Estudio de Mercado'!N19 -> 39050 | E19: Metros de alambre dulce x kilo | G19: 27
B20: Costo Flete zona promedio | D20: 85000 | E20: Metros de alambre de pua/rolllo | G20: 350
B21: Costo por Jornal | D21: =+'Estudio de Mercado'!B72 -> 71255 | E21: Hilos alambre pua | G21: 3
B22: Costo Transp. mayor (% de insumos) | C22: 0.15 | E22: Hilos de alambre dulce | G22: 1
B23: Herramientas (%M.O.) | C23: 0.04 | E23: Distancia entre hilos (cm) | G23: 25 cm
B24: Elementos de Proteccion Personal (%M.O.) | C24: 0.04 | E24: Dimensión del hoyo cms. (prof. x lados) | G24: 50x40x40
E25: Número de grapas por Poste | G25: 3
E26: Numero de pivotes por poste | G26: 1
E29: META AISLAMIENTO
E30: 1.785 | G30: KM
B32: ITEM | C32: COSTOS / KM (1000 ML) | G32: COSTO TOTAL AISLAMIENTO
C33: Unidad | D33: Cantidad | E33: Valor Unitario $ | F33: Valor total/Km
B34: 1.COSTOS DIRECTOS
B35: 1.1 Mano de obra
B36: Limpia | C36: ML | D36: 1000 | E36: =+(($D$21*D75)/D36) -> 142.51 | F36: =+D36*E36 -> 142510 | G36: =+F36*$E$30 -> 254380.35
B37: Trazado | C37: ML | D37: 1000 | E37: =+(($D$21*D76)/D37) -> 142.51 | F37: =+D37*E37 -> 142510 | G37: =+F37*$E$30 -> 254380.35
B38: Ahoyado | C38: ML | D38: 1000 | E38: =+(($D$21*D77)/D38) -> 712.55 | F38: =+D38*E38 -> 712550 | G38: =+F38*$E$30 -> 1271901.8
B39: Transporte menor | C39: Flete | D39: =+D78 -> 84.166667 | E39: =+D20 -> 85000 | F39: =+D39*E39 -> 7154166.7 | G39: =+F39*$E$30 -> 12770188
B40: Hincado | C40: ML | D40: 1000 | E40: =+(($D$21*D79)/D40) -> 356.275 | F40: =+D40*E40 -> 356275 | G40: =+F40*$E$30 -> 635950.88
B41: Templado y grapado | C41: ML | D41: 1000 | E41: =+(($D$21*D80)/D41) -> 285.02 | F41: =+D41*E41 -> 285020 | G41: =+F41*$E$30 -> 508760.7
B42: Pintado y Señalizado | C42: ML | D42: 1000 | E42: =+(($D$21*D81)/D42) -> 142.51 | F42: =+D42*E42 -> 142510 | G42: =+F42*$E$30 -> 254380.35
B43: Subtotal mano de obra | C43: =SUM(C37:C42) -> 0 | F43: =+SUM(F36:F42) -> 8935541.7 | G43: =+SUM(G36:G42) -> 15949942
B44: 1.2 Insumos
B45: Alambre de pua (Rollo) | C45: Rollo | D45: =+C14 -> 9 | E45: =+D14 -> 265633.33 | F45: =+D45*E45 -> 2390700 | G45: =+F45*$E$30 -> 4267399.5
B46: Alambre dulce | C46: Kg | D46: =+C15 -> 42 | E46: =+D15 -> 10391.08 | F46: =+D46*E46 -> 436425.36 | G46: =+F46*$E$30 -> 779019.27
B47: Postes plasticos | C47: Poste | D47: =+C11 -> 400 | E47: =+D11 -> 40333.333 | F47: =+D47*E47 -> 16133333 | G47: =+F47*$E$30 -> 28798000
B48: Postes de madera | C48: Poste | D48: =+C12 -> 50 | E48: =+D12 -> 29333.333 | F48: =+D48*E48 -> 1466666.7 | G48: =+F48*$E$30 -> 2618000
B49: Grapa (Kgr.) | C49: Kg | D49: =+C16 -> 7 | E49: =+D16 -> 8283.3333 | F49: =+D49*E49 -> 57983.333 | G49: =+F49*$E$30 -> 103500.25
B50: Aislador pivote (bolsa 100 Unid) | C50: Bolsa | D50: =+C17 -> 4.5 | E50: =+D17 -> 31535 | F50: =+D50*E50 -> 141907.5 | G50: =+F50*$E$30 -> 253304.89
B51: Pintura Aceite (Gal) | C51: Galon | D51: =+C18 -> 1 | E51: =+D18 -> 49050 | F51: =+D51*E51 -> 49050 | G51: =+F51*$E$30 -> 87554.25
B52: Thinner | C52: Galon | D52: =+C19 -> 1 | E52: =+D19 -> 39050 | F52: =+D52*E52 -> 39050 | G52: =+F52*$E$30 -> 69704.25
B53: Subtotal Insumos | F53: =+SUM(F45:F52) -> 20715116 | G53: =SUM(G45:G52) -> 36976482
B54: TOTAL COSTOS DIRECTOS | F54: =+F43+F53 -> 29650658 | G54: =+G43+G53 -> 52926424
B55: 2. COSTOS INDIRECTOS
B56: Herramientas (4% M.O) | F56: =+F43*C23 -> 357421.67 | G56: =+F56*$E$30 -> 637997.68
B57: Elementos de Proteccion Personal (4% M.O) | F57: =+F43*C24 -> 357421.67 | G57: =+F57*$E$30 -> 637997.68
B58: Transporte de Insumos (15% Insumos) | F58: =+F53*C22 -> 3107267.4 | G58: =+F58*$E$30 -> 5546472.4
B59: TOTAL COSTOS INDIRECTOS | F59: =SUM(F56:F58) -> 3822110.8 | G59: =SUM(G56:G58) -> 6822467.7
B60: TOTAL COSTOS (COSTOS DIRECTOS+COSTOS INDIRECTOS) | F60: =+F54+F59 -> 33472769 | G60: =+G54+G59 -> 59748892 | J60: =+F60*1.17 -> 39163139
B63: DESCRIPCION | C63: PESO (Kg) | D63: CALCULO No DE FLETES
B64: Capacidad de Carga Transporte Mular.(Und.) KG | C64: 80 | D64: DESCRIPCIÓN | E64: Capacidad/Mular | F64: Total unidad/mula | G64: Total Fletes
B65: Peso Poste plastico Aprox. (Kg) | C65: 12 | D65: Postes plasticos | E65: =+C64/C65 -> 6.6666667 | F65: 6 | G65: =+C11/F65 -> 66.666667
B66: Peso Poste de madera Aprox. (Kg) | C66: 16 | D66: Postes madera | E66: =+C64/C66 -> 5 | F66: 4 | G66: =+C12/F66 -> 12.5
B67: Peso rollo alambre de pua (Kg) | C67: 33 | D67: Rollos de alambre de pua | E67: =+C64/C67 -> 2.4242424 | F67: 2 | G67: 4
B68: Peso rollo alambre dulce (Kg) | C68: 42 | D68: Kilos de alambre dulce | E68: =+C64/C68 -> 1.9047619 | F68: 2 | G68: =+C15/C68 -> 1
B69: Peso grapas (Kg) | C69: 1 | D69: TOTAL | F69: =SUM(F65:F68) -> 14 | G69: =SUM(G65:G68) -> 84.166667
B70: Pintura/Galon | C70: 6
B71: Thinner/Galon | C71: 3
B73: RENDIMIENTO POR KM
B74: DESCRIPCION ACTIVIDAD | C74: UNIDAD | D74: CANTIDAD
B75: Limpia | C75: Jornal | D75: 2
B76: Trazado | C76: Jornal | D76: 2
B77: Ahoyado y repique | C77: Jornal | D77: 10
B78: Transporte menor | C78: Flete | D78: =+G69 -> 84.166667
B79: Hincado | C79: Jornal | D79: 5
B80: Templado y grapado | C80: Jornal | D80: 4
B81: Pintado | C81: Jornal | D81: 2
B82: TOTAL | D82: =SUM(D75:D81) -> 109.16667

Sheet Mant predios publicos-RP-EF
B3: COSTOS MANTENIMIENTO CORTOLIMA
B4: SISTEMA A IMPLEMENTAR: | C4: REFORESTACION PROTECTORA CON ESPECIES NATIVAS
B5: CORPORACIÓN / AAU: | C5: CORTOLIMA
B6: NOMBRE DEL PROYECTO : | C6: MANTENIMIENTO DE 165,5 HAS DE REFORESTACIÓN PROTECTORA Y 86 HAS DE ENRIQUECIMIENTO FORESTAL EN EL DEPARTAMENTO DEL TOLIMA
B8: DISEÑO DE LA PLANTACIÓN | C8: Has | E8: Costo Unitario ($)
B10: 1. Numero plantulas arboreas por Ha (RP) | D10: 1110 | E10: =+'Estudio de Mercado'!N50 -> 5000
B11: 3. Número de Plántulas Arboreas por Ha (EF) | D11: 500
B12: 4. Porcentaje de reposición % | D12: 0.1
B13: 6. Insumos Agricolas. | C13: Descripcion | D13: Cantidad Aplicación | E13: Costo $ / kg ó Lt
B14: Fertilizante Quimico Compuesto (Gr./Arb.) | C14: Agrimins (NPK.Em) | D14: 40 | E14: =+'Estudio de Mercado'!O7 -> 3686.9565
B15: Fertilizante Quimico Simple (Gr./Arb.) | C15: UREA | D15: 70 | E15: =+'Estudio de Mercado'!O10 -> 3191.3333
B16: Lombriabono (Gr./Arb.) | C16: Humus | D16: 220 | E16: =+'Estudio de Mercado'!O4 -> 1358.8
B17: Fertilizante Quimico Compuesto (Gr./Arb.) | C17: Triple 15 | D17: 70 | E17: =+'Estudio de Mercado'!O6 -> 3378
B18: Correctivo (Gr./Arb.) | C18: Hidroretenedor | D18: 3 | E18: =+'Estudio de Mercado'!N17 -> 57633.333
B19: Correctivo (Gr./Arb.) | C19: Cal dolomita | D19: 100 | E19: =+'Estudio de Mercado'!O16 -> 581.33333
B20: Insecicida líquido (Lts/Ha.) | C20: Amulet | D20: 0.5 | E20: =+'Estudio de Mercado'!N14 -> 68050
B21: Insecicida líquido (Lts/Ha.) | C21: Cipermetryna | D21: 1 | E21: =+'Estudio de Mercado'!N13 -> 32550
B22: 7. Costo Jornal Promedio Region (seguridad social, aportes parafiscales, prestaciones sociales) | C22: Jornal | D22: Global | E22: =+'Estudio de Mercado'!B72 -> 71255
B23: 8. Herramientas (4% de la MAO) | C23: Global | D23: 0.03
B24: 9. Elementos de Proteccion Personal (4% de la MO) | C24: Global | D24: 0.03
B25: 10. Costo Flete Promedio Mula (Trans Interno) | C25: Flete | D25: 85000
B26: 11. Transporte Mayor Insumos (% de Insumos) | C26: Global | D26: 0.15 | L26: *
B28: A. MANTENIMIENTO REFORESTACIÓN PROTECTORA | F28: hectareas | G28: 165.05
B29: Costos Proyectados a 2024
B30: Duración meses | C30: 9
B31: CATEGORIA DE INVERSION | C31: Unidad | D31: Cantidad / Ha | E31: Valor Unitario ($) | F31: Valor Total/Ha ($) | G31: Valor Total Proyecto ($)
B32: 1, COSTOS DIRECTOS
B33: 1.1. MANO DE OBRA
B34: Plateo (2) | C34: Plateo | D34: =+$D$10 -> 1110 | E34: =+(($E$22*D90)/D34) -> 770.32432 | F34: =+D34*E34 -> 855060 | G34: =+F34*$G$28 -> 1.4112765e+08
B35: Transporte interno de insumos | C35: Fletes | D35: =+D92 -> 4.3057143 | E35: =+D25 -> 85000 | F35: =+D35*E35 -> 365985.71 | G35: =+F35*$G$28 -> 60405942
B36: Reposición (Replante) (2) | C36: Arboles | D36: =+($D$10*D12)*2 -> 222 | E36: =+(($E$22*D93)/D36) -> 641.93694 | F36: =+D36*E36 -> 142510 | G36: =+F36*$G$28 -> 23521276
B37: Aplicación de correctivos (2) | C37: Arboles | D37: =+($D$10*D12)*2 -> 222 | E37: =+(($E$22*D91)/D37) -> 641.93694 | F37: =+D37*E37 -> 142510 | G37: =+F37*$G$28 -> 23521276
B38: Aplicación de fertilizantes (2) | C38: Arboles | D38: =+$D$10 -> 1110 | E38: =+(($E$22*D94)/D38) -> 256.77477 | F38: =+D38*E38 -> 285020 | G38: =+F38*$G$28 -> 47042551
B39: Control fitosanitario (2) | C39: Arboles | D39: =+$D$10 -> 1110 | E39: =+(($E$22*D95)/D39) -> 128.38739 | F39: =+D39*E39 -> 142510 | G39: =+F39*$G$28 -> 23521276
B40: Limpias (2) | C40: Mts Cuadrados | D40: 10000 | E40: =+(($E$22*D96)/D40) -> 85.506 | F40: =+D40*E40 -> 855060 | G40: =+F40*$G$28 -> 141127653
B41: Adecuación de Barreras Cortafuego | C41: Mts Lineales | D41: 167 | E41: =+(($E$22*D97)/D41) -> 853.35329 | F41: =+D41*E41 -> 142510 | G41: =+F41*$G$28 -> 23521276
B42: Adecuación de caminos | C42: Globlal | F42: =+G42/G28 -> 5180.6119 | G42: =+D98*E22 -> 855060
B43: SUBTOTAL MANO DE OBRA | F43: =+SUM(F34:F42) -> 2936346.3 | G43: =SUM(G34:G42) -> 4.8464396e+08
B44: 1.2. INSUMOS
B45: Plántulas repos. | C45: Plantulas | D45: =+(D10*D12)*2 -> 222 | E45: =+E10 -> 5000 | F45: =+D45*E45 -> 1110000 | G45: =+F45*$G$28 -> 183205500
B46: Elementos menores (8-5-6) | C46: Kg. | D46: =ROUNDUP((D45*D14*2)/1000,0) -> 18 | E46: =+E14 -> 3686.9565 | F46: =+D46*E46 -> 66365.217 | G46: =+F46*$G$28 -> 10953579
B47: Fertilizante Quimico compuesto (15-15-15) | C47: Kg. | D47: =ROUNDUP((D10*D15*2)/1000,0) -> 156 | E47: =+E17 -> 3378 | F47: =+D47*E47 -> 526968 | G47: =+F47*$G$28 -> 86976068
B48: Humus | C48: Kg. | D48: =ROUNDUP((D45*D16*2)/1000,0) -> 98 | E48: =+E16 -> 1358.8 | F48: =+D48*E48 -> 133162.4 | G48: =+F48*$G$28 -> 21978454
B49: Insecticida liquido (Amulet) | C49: Litro | D49: =+D20*2 -> 1 | E49: =+E20 -> 68050 | F49: =+D49*E49 -> 68050 | G49: =+F49*$G$28 -> 11231652
B50: Insecticida líquido (Cipermetryna) | C50: Litro | D50: =+D21*2 -> 2 | E50: =+E21 -> 32550 | F50: =+D50*E50 -> 65100 | G50: =+F50*$G$28 -> 10744755
B51: Cal dolomita | C51: Kg. | D51: =ROUNDUP((D45*D19*2)/1000,0) -> 45 | E51: =+E19 -> 581.33333 | F51: =+D51*E51 -> 26160 | G51: =+F51*$G$28 -> 4317708
B52: Hidroretenedor | C52: Kg. | D52: =ROUNDUP((D45*D18*2)/1000,0) -> 2 | E52: =+E18 -> 57633.333 | F52: =+D52*E52 -> 115266.67 | G52: =+F52*$G$28 -> 19024763
B53: SUBTOTAL INSUMOS | F53: =+SUM(F45:F52) -> 2111072.3 | G53: =+SUM(G45:G52) -> 3.4843248e+08
B54: TOTAL COSTOS MANTENIMIENTO RP | F54: =+F43+F53 -> 5047418.6 | G54: =+G43+G53 -> 8.3307644e+08
B55: B. MANTENIMIENTO ENRIQUECIMIENTO FORESTAL | F55: Hectareas | G55: 86
B56: 1.1. MANO DE OBRA | C56: Unidad | D56: Cantidad / Ha | E56: Valor Unitario ($) | F56: Valor Total/Ha ($) | G56: Valor Total Proyecto ($)
B57: Plateo (2) | C57: Plateo | D57: =+D11 -> 500 | E57: =+(($E$22*E90)/D57) -> 855.06 | F57: =+D57*E57 -> 427530 | G57: =+F57*$G$55 -> 36767580
B58: Transporte interno de insumos | C58: Flete | D58: =+E92 -> 1.9342857 | E58: =+D25 -> 85000 | F58: =+D58*E58 -> 164414.29 | G58: =+F58*$G$55 -> 14139629
B59: Reposición (Replante) (2) | C59: Arboles | D59: =+(D11*D12)*2 -> 100 | E59: =+(($E$22*E93)/D59) -> 1425.1 | F59: =+D59*E59 -> 142510 | G59: =+F59*$G$55 -> 12255860
B60: Aplicación de correctivos (2) | C60: Arboles | D60: =+(D11*D12)*2 -> 100 | E60: =+(($E$22*E94)/D60) -> 1425.1 | F60: =+D60*E60 -> 142510 | G60: =+F60*$G$55 -> 12255860
B61: Aplicación de Fertilizantes (2) | C61: Arboles | D61: =+D11 -> 500 | E61: =+(($E$22*E94)/D61) -> 285.02 | F61: =+D61*E61 -> 142510 | G61: =+F61*$G$55 -> 12255860
B62: Control fitosanitario (2) | C62: Arboles | D62: =+D11 -> 500 | E62: =+(($E$22*E95)/D62) -> 285.02 | F62: =+D62*E62 -> 142510 | G62: =+F62*$G$55 -> 12255860
B63: Limpias (2) | C63: Mts Cuadrados | D63: 10000 | E63: =+(($E$22*E96)/D63) -> 57.004 | F63: =+D63*E63 -> 570040 | G63: =+F63*$G$55 -> 49023440
B64: Adecuacion de barreras cortafuego (2) | C64: Ms Lineales | D64: 167 | E64: =+(($E$22*E97)/D64) -> 853.35329 | F64: =+D64*E64 -> 142510 | G64: =+F64*$G$55 -> 12255860
B65: Adecuación de caminos | F65: =+G65/G55 -> 9942.5581 | G65: =+E98*E22 -> 855060
B66: SUBTOTAL MANO DE OBRA | F66: =SUM(F57:F65) -> 1884476.8 | G66: =SUM(G57:G65) -> 1.6206501e+08
B67: 1.2. INSUMOS
B68: Plántulas repos. | C68: Plantulas | D68: =+(D11*D12)*2 -> 100 | E68: =+E10 -> 5000 | F68: =+D68*E68 -> 500000 | G68: =+F68*$G$55 -> 43000000
B69: Fertiizante quimico compuesto (15-5-15) | C69: Kg. | D69: =ROUNDUP(($D$11*D17)/1000,0)*2 -> 70 | E69: =+E17 -> 3378 | F69: =+D69*E69 -> 236460 | G69: =+F69*$G$55 -> 20335560
B70: Agrimins | C70: Kg. | D70: =ROUNDUP(($D$68*D14)/1000,0)*2 -> 8 | E70: =+E14 -> 3686.9565 | F70: =+D70*E70 -> 29495.652 | G70: =+F70*$G$55 -> 2536626.1
B71: Humus | C71: Kg. | D71: =ROUNDUP(($D$68*D16)/1000,0)*2 -> 44 | E71: =+E16 -> 1358.8 | F71: =+D71*E71 -> 59787.2 | G71: =+F71*$G$55 -> 5141699.2
B72: Insecticida líquido (Amulet) | C72: Litro | D72: =+D20*2 -> 1 | E72: =+E20 -> 68050 | F72: =+D72*E72 -> 68050 | G72: =+F72*$G$55 -> 5852300
B73: Cal dolomita | C73: Kg. | D73: =ROUNDUP(($D$68*D19)/1000,0)*2 -> 20 | E73: =+E19 -> 581.33333 | F73: =+D73*E73 -> 11626.667 | G73: =+F73*$G$55 -> 999893.33
B74: Hidroretenedor | C74: Kg. | D74: =ROUNDUP(($D$68*D18)/1000,0)*2 -> 2 | E74: =+E18 -> 57633.333 | F74: =+D74*E74 -> 115266.67 | G74: =+F74*$G$55 -> 9912933.3
B75: SUBTOTAL INSUMOS | F75: =+SUM(F68:F74) -> 1020686.2 | G75: =+SUM(G68:G74) -> 87779012
B76: TOTAL COSTOS ENRIQUECIMIENTO FORESTAL | F76: =+F66+F75 -> 2905163 | G76: =+G66+G75 -> 2.4984402e+08
B77: TOTAL COSTOS DIRECTOS | F77: =+F54+F76 -> 7952581.6 | G77: =+G54+G76 -> 1.0829205e+09
B78: 2. COSTOS INDIRECTOS
B79: Herramientas (3% MANO DE OBRA NO CALIFICADA) | F79: =+(F43+F66)*D23 -> 144624.7 | G79: =+(G43+G66)*D23 -> 19401269
B80: Elementos de Proteccion Personal (3% MANO DE OBRA NO CALIFICADA) | F80: =+(F43+F66)*D23 -> 144624.7 | G80: =+(G43+G66)*D24 -> 19401269
B81: Transp. Insumos (15% insumos) MANTENIMIENTO RP | F81: =ROUNDUP(F53*D26,0) -> 316661 | G81: =ROUNDUP(G53*D26,0) -> 52264873
B82: Transp. Insumos (15% insumos) MANTENIMIENTO EF | F82: =ROUNDUP(F75*D26,0) -> 153103 | G82: =ROUNDUP(G75*D26,0) -> 13166852
B83: TOTAL COSTOS INDIRECTOS | F83: =SUM(F79:F82) -> 759013.39 | G83: =SUM(G79:G82) -> 1.0423426e+08
B84: TOTAL COSTOS (COSTOS DIRECTOS+COSTOS INDIRECTOS) | F84: =+F77+F83 -> 8711595 | G84: =+G77+G83 -> 1.1871547e+09
B87: RENDIMIENTO POR HECTAREA PARA DOS MANTENIMIENTOS
B88: DESCRIPCION ACTIVIDAD | C88: UNIDAD | D88: CANTIDAD
D89: RP | E89: EF
B90: Plateo | C90: Jornal | D90: 12 | E90: 6
B91: Aplicación de correctivos | C91: Jornal | D91: 2 | E91: 2
B92: Transporte interno de insumos | C92: Flete | D92: =+E110 -> 4.3057143 | E92: =+F110 -> 1.9342857
B93: Reposición (Replante) | C93: Jornal | D93: 2 | E93: 2
B94: Aplicación de fertilizantes | C94: Jornal | D94: 4 | E94: 2
B95: Control fitosanitario | C95: Jornal | D95: 2 | E95: 2
B96: Limpia | C96: Jornal | D96: 12 | E96: 8
B97: Adecuación de barreras cortafuego | C97: Jornal | D97: 2 | E97: 2
B98: Adecuación de caminos | C98: jornal | D98: 12 | E98: 12
B99: TOTAL JORNALES | D99: =SUM(D90:D98) -> 52.305714 | E99: =SUM(E90:E98) -> 37.934286
B101: Capacidad de carga Transporte mular (en bultos) | D101: 2 | E101: 1 bulto: | F101: 50
B102: Capacidad de carga Transporte mular (No. Plantulas) | D102: 140
C103: No Bultos | E103: Total Fletes
B104: DESCRIPCION | C104: RP | D104: EF | E104: RP | F104: EF
B105: Elementos menores | C105: =+D46/F101 -> 0.36 | D105: =+D70/F101 -> 0.16
B106: Triple 15 | C106: =+D47/F101 -> 3.12 | D106: =+D69/F101 -> 1.4
B107: Humus | C107: =+D48/F101 -> 1.96 | D107: =+D71/F101 -> 0.88
B108: Plantulas | E108: =+D45/D102 -> 1.5857143 | F108: =+D68/D102 -> 0.71428571
...

Sheet CONSOLIDADO
B2: PRESUPUESTO TOTAL
B3: ACTIVIDAD | C3: UNIDAD | D3: CANTIDAD | E3: VALOR UNITARIO | F3: total | H3: presupuesto
B4: Establecimiento | C4: Has | D4: ='Establec predio publico'!G30+'Establec predio publico'!G58+'Establec predio publico'!G86 -> 44 | F4: =+'Establec predio publico'!G120 -> 5.3130204e+08 | H4: 400000000 | J4: =+F4/D4 -> 12075046 | K4: =+J4*1.17 -> 14127804 | L4: =+K4-L6 -> 11361481
B5: Aislamiento | C5: Km | D5: =+'Aisl predio publico'!E30 -> 1.785 | F5: =+'Aisl predio publico'!G60 -> 59748892 | H5: 1845979133 | J5: =+F5/D5 -> 33472769 | K5: =+J5*1.17 -> 39163139
B6: Mantenimiento | C6: Has | D6: =+'Mant predios publicos-RP-EF'!G28+'Mant predios publicos-RP-EF'!G55 -> 251.05 | F6: =+'Mant predios publicos-RP-EF'!G84 -> 1.1871547e+09 | H6: =SUM(H4:H5) -> 2245979133 | J6: =+F6/D6 -> 4728758.1 | K6: =+J6*1.17 -> 5532647 | L6: =+K6/2 -> 2766323.5
B7: ASISTENCIA TECNICA
B8: Coordinador del Proyecto (Ingeniero forestal) | C8: Mes | D8: 8 | E8: 6100000 | F8: =D8*E8 -> 48800000
B9: Ingeniero Forestal | C9: Mes | D9: 8 | E9: 5600000 | F9: =D9*E9 -> 44800000
B10: Tecnico forestal | C10: Mes | D10: 8 | E10: 4000000 | F10: =D10*E10 -> 32000000
B11: TOTAL COSTOS | F11: =SUM(F4:F10) -> 1.9038057e+09
B12: ADMINISTRACION | C12: 0.11 | F12: =+F11*C12 -> 2.0941862e+08
B13: IMPREVISTOS | C13: 0.01 | F13: =+F11*C13 -> 19038057
B14: UTILIDAD | C14: 0.05 | F14: =+F11*C14 -> 95190283
B15: IVA/UTILIDAD | C15: 0.19 | F15: =+F14*C15 -> 18086154
B16: TOTAL | F16: =SUM(F11:F15) -> 2.2455388e+09

Sheet Mtto  RP Yopo
B3: COSTOS MANTENIMIENTO CORTOLIMA
B4: SISTEMA A IMPLEMENTAR: | C4: REFORESTACION PROTECTORA CON ESPECIES NATIVAS
B5: CORPORACIÓN / AAU: | C5: CORTOLIMA
B6: NOMBRE DEL PROYECTO : | C6: RESTAURACIÓN ECOLÓGICA EN LAS ZONAS PROTECTORAS DE FUENTES HÍDRICAS Y ESTRATÉGICAS DEL DEPARTAMENTO DEL TOLIMA
B8: DISEÑO DE LA PLANTACIÓN | C8: ALEATORIO | E8: Costo Unitario ($)
B10: =+[1]Establec.!B10 -> 1. Número de Plántulas Arboreas por Ha | D10: 1100 | E10: =+'Estudio de Mercado'!L50 -> 4500
B11: 1. Número de Plántulas Arbustivas por Ha | D11: 0 | E11: 0
B12: =+[1]Establec.!B12 -> 3. Porcentaje de reposición % | D12: 0.2
B13: 4. Insumos Agricolas. | C13: Descripcion | D13: Cantidad Aplicación | E13: Costo $ / kg ó Lt
B14: Fertilizante Quimico Compuesto (Gr./Arb.) | C14: Agrimins (NPK.Em) | D14: 32 | E14: =+[2]Establecimiento!E14 -> 2206.75
B15: Fertilizante Quimico Simple (Gr./Arb.) | C15: UREA | D15: 50 | E15: =+[2]Establecimiento!E16 -> 3707.595
B16: Lombriabono (Gr./Arb.) | C16: Humus | D16: 275 | E16: =+'Estudio de Mercado'!N4 -> 67940 | G16: 5.5 | T16: 50 | U16: 1000 | V16: =+U16*T16*G16 -> 275000
B17: Fertilizante Quimico Compuesto (Gr./Arb.) | C17: Triple 15 | D17: 50 | E17: =+'Estudio de Mercado'!N6 -> 168900 | T17: 1 | U17: 1
B18: Insecicida Liquido (Lts/Ha.) | C18: Clorpirifos | D18: 1
B19: Insecicida (Lb/Ha.) | C19: Cebo Toxico | D19: 1 | E19: =+'Estudio de Mercado'!L5 -> 0
B20: Insecticida líquido (Lts/Ha.) | C20: Ragen | D20: 0.2 | E20: =+[2]Establecimiento!E21 -> 217019
B21: Insecicida Granular (Kg./Ha.) | C21: Attakill | D21: 0.5 | E21: =+'[2]Estudio de Mercado'!J10 -> 26794.5
B22: Correctivo (Bulto./Ha.) | C22: Caldolomita | D22: 1 | E22: =+'[2]Estudio de Mercado'!K15 -> 236.3358
B23: Correctivo (Gr./Arb.) | C23: Hidroretenedor | D23: 3 | E23: =+[2]Establecimiento!E24 -> 45342.95 | V23: 19007771 | W23: 33000000
B24: 5. Costo Jornal Promedio Region (seguridad social, aportes parafiscales, prestaciones sociales) | C24: Jornal | D24: Global | E24: =+'[3]Estudio de Mercado'!$B$72 -> 62508 | V24: =+V23/877802 -> 21.653825 | W24: =+W23/1160000 -> 28.448276
B25: 6. Herramientas (5% de la MAO) | C25: Global | D25: 0.05 | W25: =+W24/V24 -> 1.313776
B26: 7. Elementos de Proteccion Personal (5% de la MO) | C26: Global | D26: 0.05 | V26: 99601594
B27: 8. Costo Flete Promedio Mula (Trans Interno) | C27: Flete | D27: 65000 | V27: =+V26/1160000 -> 85.863443
B28: 8. Transporte Mayor Insumos (% de Insumos) | C28: Global | D28: 0.1 | G28: 1962 | H28: 359 | I28: =162.5+685 -> 847.5 | J28: =70.5+685 -> 755.5
B31: COSTOS DE MANTENIMIENTO VIGENCIA 2022 | D31: MANTENIMIENTO METAS TOTALES/Has | G31: 91.7 | I31: =+G31+685 -> 776.7
B32: Costos Proyectados a 2016
B33: Duración meses | C33: 8
B34: CATEGORIA DE INVERSIÓN | C34: Unidad | D34: Cantidad / Ha | E34: Valor Unitario ($) | F34: Valor Total/Ha ($) | G34: Valor Total Proyecto ($)
B35: 1. COSTOS DIRECTOS
B36: 1.1. MANO DE OBRA | C36: RENDIMIENTO | I36: 2020
B37: Plateo (2) | C37: Plateo | D37: 1100 | E37: =+(($E$24*D72)/D37) -> 681.90545 | F37: =+D37*E37 -> 750096 | G37: =+F37*$G$31 -> 68783803 | I37: =+'[4]P 5 C.Mant. B.P.'!$F$40 -> 291930
B38: Transporte interno de insumos | C38: Flete | D38: 3 | E38: =+D27 -> 65000 | F38: =+D38*E38 -> 195000 | G38: =+F38*$G$31 -> 17881500 | I38: =+'[4]P 5 C.Mant. B.P.'!$F$44 -> 75000
B39: Reposición (Replante) | C39: Arboles | D39: 220 | E39: =+(($E$24*D74)/D39) -> 568.25455 | F39: =+D39*E39 -> 125016 | G39: =+F39*$G$31 -> 11463967 | I39: =+'[4]P 5 C.Mant. B.P.'!$F$47 -> 97458
A40: 15 15 15 | B40: Aplicación de Fertilizantes (2) | C40: Arboles | D40: =+$D$10+$D$11 -> 1100 | E40: =+(($E$24*D76)/D40) -> 113.65091 | F40: =+D40*E40 -> 125016 | G40: =+F40*$G$31 -> 11463967 | I40: =+'[4]P 5 C.Mant. B.P.'!$F$43 -> 48840
A41: cebo | B41: Control fitosanitario | C41: Arboles | D41: =+$D$10+$D$11 -> 1100 | E41: =+(($E$24*D77)/D41) -> 56.825455 | F41: =+D41*E41 -> 62508 | G41: =+F41*$G$31 -> 5731983.6 | I41: =+'[4]P 5 C.Mant. B.P.'!$F$46 -> 97680 | T41: una vez por ha con el cebo
B42: Limpias (2) | C42: Mts Cuadrados | D42: 10000 | E42: =+(($E$24*D78)/D42) -> 75.0096 | F42: =+D42*E42 -> 750096 | G42: =+F42*$G$31 -> 68783803 | I42: =+'[4]P 5 C.Mant. B.P.'!$F$48 -> 290000
B43: Adecuacion de Barreras Cortafuego | I43: =+'[4]P 5 C.Mant. B.P.'!$F$49 -> 97528
B44: SUBTOTAL MANO DE OBRA | F44: =+SUM(F37:F43) -> 2007732 | G44: =+SUM(G37:G43) -> 1.8410902e+08 | I44: =SUM(I37:I43) -> 998436
B45: 1.2. INSUMOS
B46: Plántulas 20% repos. | C46: Plantulas | D46: =ROUNDUP(D10*D12,0) -> 220 | E46: =+E10 -> 4500 | F46: =+D46*E46 -> 990000 | G46: =+F46*$G$31 -> 90783000 | H46: =+'[4]P 5 C.Mant. B.P.'!$D$52 -> 111 | I46: =+'[4]P 5 C.Mant. B.P.'!$F$52 -> 149073 | J46: ESTABAN TOMANDO MAL EL PORCENTAJE
B47: Triple 15 | C47: Kg. | D47: =ROUNDUP(($D$10*D17*2)/1000,0) -> 110 | E47: =+E17 -> 168900 | F47: =+D47*E47 -> 18579000 | G47: =+F47*$G$31 -> 1703694300 | H47: =+'[4]P 5 C.Mant. B.P.'!$D$53 -> 56 | I47: =+'[4]P 5 C.Mant. B.P.'!$F$53 -> 0 | J47: HAY GRAN DIFERENCIA EN LA APLICABILIDAD
A48: Lombriabono | B48: Humus | C48: Kg. | D48: =ROUNDUP((D16*2)/1,0) -> 550 | E48: =+E16 -> 67940 | F48: =+D48*E48 -> 37367000 | G48: =+F48*$G$31 -> 3426553900 | H48: =+'[4]P 5 C.Mant. B.P.'!$D$55 -> 222 | I48: =+'[4]P 5 C.Mant. B.P.'!$F$55 -> 377844 | J48: DIFERENCIA EN LA APLICABILIDAD ESTA MAL AMARRADA LA FORMULA EL MANTENIMIENTO SE LE HACE A TODAS LAS 1221 PLANTULAS
A49: cebo | B49: =+'Estudio de Mercado'!A5 -> Insecticida granular (hormiga) | C49: Litro | D49: =+D19 -> 1 | E49: =+E19 -> 0 | F49: =+D49*E49 -> 0 | G49: =+F49*$G$31 -> 0
B50: SUBTOTAL INSUMOS | F50: =+SUM(F46:F49) -> 56936000 | G50: =+SUM(G46:G49) -> 5221031200 | I50: =SUM(I46:I49) -> 526917
B51: TOTAL COSTOS DIRECTOS ( MAO+INSUMOS) | F51: =+F44+F50 -> 58943732 | G51: =+F51*$G$31 -> 5.4051402e+09
B52: 2. COSTOS INDIRECTOS
B53: Herramientas (5% MANO DE OBRA NO CALIFICADA) | F53: =ROUND($F$44*$D$25,0) -> 100387 | G53: =+F53*G31 -> 9205487.9
B54: Elementos de Proteccion Personal (5% MANO DE OBRA NO CALIFICADA) | F54: =ROUND($F$44*$D$25,0) -> 100387 | G54: =+F54*G31 -> 9205487.9
B55: Transp. Insumos (10% insumos) | F55: =ROUNDUP(F50*D28,0) -> 5693600 | G55: =+F55*$G$31 -> 522103120
B56: TOTAL COSTOS INDIRECTOS | F56: =SUM(F53:F55) -> 5894374 | G56: =SUM(G53:G55) -> 5.405141e+08
B57: SUBTOTAL COSTO DIRECTOS + COSTOS INDIRECTOS | F57: =+F51+F56 -> 64838106 | G57: =+G51+G56 -> 5.9456543e+09
B58: CATEGORIA DE INVERSIÓN | C58: Unidades | D58: Tiempo | E58: Duración | F58: Unitario | G58: Total Asistencia
B59: ASISTENCIA TECNICA
B60: Ingeniero Forestal | C60: 0.01 | D60: Meses | E60: 10 | F60: =3800000*E60*C60 -> 380000 | G60: =+F60*$G$31 -> 34846000
B61: SUBTOTAL | F61: =SUM(F60) -> 380000 | G61: =+G60 -> 34846000
B62: TOTAL COSTOS (COSTOS DIRECTOS+COSTOS INDIRECTOS+ASISTENCIA TECNICA) | F62: =+F57+F61 -> 65218106 | G62: =+G57+G61 -> 5.9805003e+09 | I62: =+G31-I63-I64-I65 -> -2197.3 | J62: =+I62*$F$67 -> -1.6759373e+11
B63: ADMINISTRACION | C63: 0.1 | F63: =ROUND($F$62*C63,0) -> 6521811 | G63: =+F63*$G$31 -> 5.9805007e+08 | I63: 848 | J63: =+I63*$F$67 -> 64679143600
B64: IMPREVISTOS | C64: 0.01 | F64: =ROUND($F$62*C64,0) -> 652181 | G64: =+F64*$G$31 -> 59804998 | I64: 756 | J64: =+I64*$F$67 -> 57662066700
B65: UTILIDAD | C65: 0.05 | F65: =ROUND($F$62*C65,0) -> 3260905 | G65: =+F65*$G$31 -> 2.9902499e+08 | I65: 685 | J65: =+I65*$F$67 -> 52246713875
B66: IVA/UTILIDAD | C66: 0.19 | F66: =ROUND(F65*C66,0) -> 619572 | G66: =+F66*$G$31 -> 56814752 | T66: =+SUM(G63:G66) -> 1.0136948e+09
B67: TOTAL COSTO MANTENIMIENTO RP | F67: =+F62+F63+F66+F65+F64 -> 76272575 | G67: =+G62+G63+G66+G65+G64 -> 6.9941951e+09 | H67: =+F67*718 -> 54763708850
B70: RENDIMIENTO POR HECTAREA | I70: =+[5]Enriquecimiento!G77*1.15 -> 1.8975498e+08
B71: DESCRIPCION ACTIVIDAD | C71: UNIDAD | D71: CANTIDAD | I71: =+I70+I69 -> 1.8975498e+08
B72: Plateo | C72: Jornal | D72: 12
B73: Transporte interno de insumos | C73: Flete | D73: 2
B74: Reposición (Replante) | C74: Jornal | D74: 2
B75: Aplicación de Correctivos | C75: Jornal | D75: 0
B76: Aplicación de Fertilizantes | C76: Jornal | D76: 2
B77: Control fitosanitario | C77: Jornal | D77: 1
B78: Limpias | C78: Jornal | D78: 12
D79: =SUM(D72:D78) -> 31
D80: 36 jornaleles
B83: Estructurador Jorge Serafin Sechague Cortes
B84: C.C. 1010203872
B89: Estructurador Robinson Ochoa Moreno
B90: C.C. 1110513862

Sheet Mtto  RP Aliso
B3: COSTOS MANTENIMIENTO CORTOLIMA
B4: SISTEMA A IMPLEMENTAR: | C4: REFORESTACION PROTECTORA CON ESPECIES NATIVAS
B5: CORPORACIÓN / AAU: | C5: CORTOLIMA
B6: NOMBRE DEL PROYECTO : | C6: RESTAURACIÓN ECOLÓGICA EN LAS ZONAS PROTECTORAS DE FUENTES HÍDRICAS Y ESTRATÉGICAS DEL DEPARTAMENTO DEL TOLIMA
B8: DISEÑO DE LA PLANTACIÓN | C8: ALEATORIO | E8: Costo Unitario ($)
B10: =+[1]Establec.!B10 -> 1. Número de Plántulas Arboreas por Ha | D10: 1100 | E10: =+'Estudio de Mercado'!#REF! -> #REF!
B11: 1. Número de Plántulas Arbustivas por Ha | D11: 0 | E11: 0
B12: =+[1]Establec.!B12 -> 3. Porcentaje de reposición % | D12: 0.2
B13: 4. Insumos Agricolas. | C13: Descripcion | D13: Cantidad Aplicación | E13: Costo $ / kg ó Lt
B14: Fertilizante Quimico Compuesto (Gr./Arb.) | C14: Agrimins (NPK.Em) | D14: 32 | E14: =+[2]Establecimiento!E14 -> 2206.75
B15: Fertilizante Quimico Simple (Gr./Arb.) | C15: UREA | D15: 50 | E15: =+[2]Establecimiento!E16 -> 3707.595
B16: Lombriabono (Gr./Arb.) | C16: Humus | D16: 275 | E16: =+'Estudio de Mercado'!N4 -> 67940 | G16: 2.5 | T16: 50 | U16: 1000 | V16: =+U16*T16*G16 -> 125000
B17: Fertilizante Quimico Compuesto (Gr./Arb.) | C17: Triple 15 | D17: 50 | E17: =+'Estudio de Mercado'!N6 -> 168900 | T17: 1 | U17: 1
B18: Insecicida Liquido (Lts/Ha.) | C18: Clorpirifos | D18: 1
B19: Insecicida (Lb/Ha.) | C19: Cebo Toxico | D19: 1 | E19: =+'Estudio de Mercado'!L5 -> 0
B20: Insecticida líquido (Lts/Ha.) | C20: Ragen | D20: 0.2 | E20: =+[2]Establecimiento!E21 -> 217019
B21: Insecicida Granular (Kg./Ha.) | C21: Attakill | D21: 0.5 | E21: =+'[2]Estudio de Mercado'!J10 -> 26794.5
B22: Correctivo (Bulto./Ha.) | C22: Caldolomita | D22: 1 | E22: =+'[2]Estudio de Mercado'!K15 -> 236.3358
B23: Correctivo (Gr./Arb.) | C23: Hidroretenedor | D23: 3 | E23: =+[2]Establecimiento!E24 -> 45342.95 | V23: 19007771 | W23: 33000000
B24: 5. Costo Jornal Promedio Region (seguridad social, aportes parafiscales, prestaciones sociales) | C24: Jornal | D24: Global | E24: =+'Mtto RP Yopo'!E24 -> 62508 | V24: =+V23/877802 -> 21.653825 | W24: =+W23/1160000 -> 28.448276
B25: 6. Herramientas (5% de la MAO) | C25: Global | D25: 0.05 | W25: =+W24/V24 -> 1.313776
B26: 7. Elementos de Proteccion Personal (5% de la MO) | C26: Global | D26: 0.05 | V26: 99601594
B27: 8. Costo Flete Promedio Mula (Trans Interno) | C27: Flete | D27: =+'Mtto RP Yopo'!D27 -> 65000 | V27: =+V26/1160000 -> 85.863443
B28: 8. Transporte Mayor Insumos (% de Insumos) | C28: Global | D28: 0.1 | G28: 1962 | H28: 359 | I28: =162.5+685 -> 847.5 | J28: =70.5+685 -> 755.5
B31: COSTOS DE MANTENIMIENTO VIGENCIA 2022 | D31: MANTENIMIENTO METAS TOTALES/Has | G31: 102.33 | I31: =+G31+685 -> 787.33
B32: Costos Proyectados a 2016
B33: Duración meses | C33: 8
B34: CATEGORIA DE INVERSIÓN | C34: Unidad | D34: Cantidad / Ha | E34: Valor Unitario ($) | F34: Valor Total/Ha ($) | G34: Valor Total Proyecto ($)
B35: 1. COSTOS DIRECTOS
B36: 1.1. MANO DE OBRA | C36: RENDIMIENTO | I36: 2020
B37: Plateo (2) | C37: Plateo | D37: 1100 | E37: =+(($E$24*D72)/D37) -> 681.90545 | F37: =+D37*E37 -> 750096 | G37: =+F37*$G$31 -> 76757324 | I37: =+'[4]P 5 C.Mant. B.P.'!$F$40 -> 291930
B38: Transporte interno de insumos | C38: Flete | D38: 3 | E38: =+D27 -> 65000 | F38: =+D38*E38 -> 195000 | G38: =+F38*$G$31 -> 19954350 | I38: =+'[4]P 5 C.Mant. B.P.'!$F$44 -> 75000
B39: Reposición (Replante) | C39: Arboles | D39: 220 | E39: =+(($E$24*D74)/D39) -> 568.25455 | F39: =+D39*E39 -> 125016 | G39: =+F39*$G$31 -> 12792887 | I39: =+'[4]P 5 C.Mant. B.P.'!$F$47 -> 97458
A40: 15 15 15 | B40: Aplicación de Fertilizantes (2) | C40: Arboles | D40: =+$D$10+$D$11 -> 1100 | E40: =+(($E$24*D76)/D40) -> 113.65091 | F40: =+D40*E40 -> 125016 | G40: =+F40*$G$31 -> 12792887 | I40: =+'[4]P 5 C.Mant. B.P.'!$F$43 -> 48840
A41: cebo | B41: Control fitosanitario | C41: Arboles | D41: =+$D$10+$D$11 -> 1100 | E41: =+(($E$24*D77)/D41) -> 56.825455 | F41: =+D41*E41 -> 62508 | G41: =+F41*$G$31 -> 6396443.6 | I41: =+'[4]P 5 C.Mant. B.P.'!$F$46 -> 97680 | T41: una vez por ha con el cebo
B42: Limpias (2) | C42: Mts Cuadrados | D42: 10000 | E42: =+(($E$24*D78)/D42) -> 75.0096 | F42: =+D42*E42 -> 750096 | G42: =+F42*$G$31 -> 76757324 | I42: =+'[4]P 5 C.Mant. B.P.'!$F$48 -> 290000
B43: Adecuacion de Barreras Cortafuego | I43: =+'[4]P 5 C.Mant. B.P.'!$F$49 -> 97528
B44: SUBTOTAL MANO DE OBRA | F44: =+SUM(F37:F43) -> 2007732 | G44: =+SUM(G37:G43) -> 2.0545122e+08 | I44: =SUM(I37:I43) -> 998436
B45: 1.2. INSUMOS
B46: Plántulas 20% repos. | C46: Plantulas | D46: =ROUNDUP(D10*D12,0) -> 220 | E46: =+E10 -> #REF! | F46: =+D46*E46 -> #REF! | G46: =+F46*$G$31 -> #REF! | H46: =+'[4]P 5 C.Mant. B.P.'!$D$52 -> 111 | I46: =+'[4]P 5 C.Mant. B.P.'!$F$52 -> 149073 | J46: ESTABAN TOMANDO MAL EL PORCENTAJE
B47: Triple 15 | C47: Kg. | D47: =ROUNDUP(($D$10*D17*2)/1000,0) -> 110 | E47: =+E17 -> 168900 | F47: =+D47*E47 -> 18579000 | G47: =+F47*$G$31 -> 1901189070 | H47: =+'[4]P 5 C.Mant. B.P.'!$D$53 -> 56 | I47: =+'[4]P 5 C.Mant. B.P.'!$F$53 -> 0 | J47: HAY GRAN DIFERENCIA EN LA APLICABILIDAD
A48: Lombriabono | B48: Humus | C48: Kg. | D48: =ROUNDUP((D16*2)/1,0) -> 550 | E48: =+E16 -> 67940 | F48: =+D48*E48 -> 37367000 | G48: =+F48*$G$31 -> 3823765110 | H48: =+'[4]P 5 C.Mant. B.P.'!$D$55 -> 222 | I48: =+'[4]P 5 C.Mant. B.P.'!$F$55 -> 377844 | J48: DIFERENCIA EN LA APLICABILIDAD ESTA MAL AMARRADA LA FORMULA EL MANTENIMIENTO SE LE HACE A TODAS LAS 1221 PLANTULAS
A49: cebo | B49: =+'Estudio de Mercado'!A5 -> Insecticida granular (hormiga) | C49: Litro | D49: =+D19 -> 1 | E49: =+E19 -> 0 | F49: =+D49*E49 -> 0 | G49: =+F49*$G$31 -> 0
B50: SUBTOTAL INSUMOS | F50: =+SUM(F46:F49) -> #REF! | G50: =+SUM(G46:G49) -> #REF! | I50: =SUM(I46:I49) -> 526917
B51: TOTAL COSTOS DIRECTOS ( MAO+INSUMOS) | F51: =+F44+F50 -> #REF! | G51: =+F51*$G$31 -> #REF!
B52: 2. COSTOS INDIRECTOS
B53: Herramientas (5% MANO DE OBRA NO CALIFICADA) | F53: =ROUND($F$44*$D$25,0) -> 100387 | G53: =+F53*G31 -> 10272602
B54: Elementos de Proteccion Personal (5% MANO DE OBRA NO CALIFICADA) | F54: =ROUND($F$44*$D$25,0) -> 100387 | G54: =+F54*G31 -> 10272602
B55: Transp. Insumos (10% insumos) | F55: =ROUNDUP(F50*D28,0) -> #REF! | G55: =+F55*$G$31 -> #REF!
B56: TOTAL COSTOS INDIRECTOS | F56: =SUM(F53:F55) -> #REF! | G56: =SUM(G53:G55) -> #REF!
B57: SUBTOTAL COSTO DIRECTOS + COSTOS INDIRECTOS | F57: =+F51+F56 -> #REF! | G57: =+G51+G56 -> #REF!
B58: CATEGORIA DE INVERSIÓN | C58: Unidades | D58: Tiempo | E58: Duración | F58: Unitario | G58: Total Asistencia
B59: ASISTENCIA TECNICA
B60: Ingeniero Forestal | C60: 0.01 | D60: Meses | E60: 6 | F60: =3800000*E60*C60 -> 228000 | G60: =+F60*$G$31 -> 23331240
B61: SUBTOTAL | F61: =SUM(F60) -> 228000 | G61: =+G60 -> 23331240
B62: TOTAL COSTOS (COSTOS DIRECTOS+COSTOS INDIRECTOS+ASISTENCIA TECNICA) | F62: =+F57+F61 -> #REF! | G62: =+G57+G61 -> #REF! | I62: =+G31-I63-I64-I65 -> -2186.67 | J62: =+I62*$F$67 -> #REF!
B63: ADMINISTRACION | C63: 0.1 | F63: =ROUND($F$62*C63,0) -> #REF! | G63: =+F63*$G$31 -> #REF! | I63: 848 | J63: =+I63*$F$67 -> #REF!
B64: IMPREVISTOS | C64: 0.01 | F64: =ROUND($F$62*C64,0) -> #REF! | G64: =+F64*$G$31 -> #REF! | I64: 756 | J64: =+I64*$F$67 -> #REF!
B65: UTILIDAD | C65: 0.05 | F65: =ROUND($F$62*C65,0) -> #REF! | G65: =+F65*$G$31 -> #REF! | I65: 685 | J65: =+I65*$F$67 -> #REF!
B66: IVA/UTILIDAD | C66: 0.19 | F66: =ROUND(F65*C66,0) -> #REF! | G66: =+F66*$G$31 -> #REF! | T66: =+SUM(G63:G66) -> #REF!
B67: TOTAL COSTO MANTENIMIENTO RP | F67: =+F62+F63+F66+F65+F64 -> #REF! | G67: =+G62+G63+G66+G65+G64 -> #REF! | H67: =+F67*718 -> #REF!
B70: RENDIMIENTO POR HECTAREA | I70: =+[5]Enriquecimiento!G77*1.15 -> 1.8975498e+08
B71: DESCRIPCION ACTIVIDAD | C71: UNIDAD | D71: CANTIDAD | I71: =+I70+I69 -> 1.8975498e+08
B72: Plateo | C72: Jornal | D72: 12
B73: Transporte interno de insumos | C73: Flete | D73: 2
B74: Reposición (Replante) | C74: Jornal | D74: 2
B75: Aplicación de Correctivos | C75: Jornal | D75: 0
B76: Aplicación de Fertilizantes | C76: Jornal | D76: 2
B77: Control fitosanitario | C77: Jornal | D77: 1
B78: Limpias | C78: Jornal | D78: 12
D79: =SUM(D72:D78) -> 31
D80: 36 jornaleles
B83: Estructurador Jorge Serafin Sechague Cortes
B84: C.C. 1010203872
B89: Estructurador Robinson Ochoa Moreno
B90: C.C. 1110513862

Sheet Mtto  RP Cajeto
B3: COSTOS MANTENIMIENTO CORTOLIMA
B4: SISTEMA A IMPLEMENTAR: | C4: REFORESTACION PROTECTORA CON ESPECIES NATIVAS
B5: CORPORACIÓN / AAU: | C5: CORTOLIMA
B6: NOMBRE DEL PROYECTO : | C6: RESTAURACIÓN ECOLÓGICA EN LAS ZONAS PROTECTORAS DE FUENTES HÍDRICAS Y ESTRATÉGICAS DEL DEPARTAMENTO DEL TOLIMA
B8: DISEÑO DE LA PLANTACIÓN | C8: ALEATORIO | E8: Costo Unitario ($)
B10: =+[1]Establec.!B10 -> 1. Número de Plántulas Arboreas por Ha | D10: 1100 | E10: =+'Estudio de Mercado'!#REF! -> #REF!
B11: 1. Número de Plántulas Arbustivas por Ha | D11: 0 | E11: 0
B12: =+[1]Establec.!B12 -> 3. Porcentaje de reposición % | D12: 0.2
B13: 4. Insumos Agricolas. | C13: Descripcion | D13: Cantidad Aplicación | E13: Costo $ / kg ó Lt
B14: Fertilizante Quimico Compuesto (Gr./Arb.) | C14: Agrimins (NPK.Em) | D14: 32 | E14: =+[2]Establecimiento!E14 -> 2206.75
B15: Fertilizante Quimico Simple (Gr./Arb.) | C15: UREA | D15: 50 | E15: =+[2]Establecimiento!E16 -> 3707.595
B16: Lombriabono (Gr./Arb.) | C16: Humus | D16: 275 | E16: =+'Estudio de Mercado'!N4 -> 67940 | G16: 2.5 | T16: 50 | U16: 1000 | V16: =+U16*T16*G16 -> 125000
B17: Fertilizante Quimico Compuesto (Gr./Arb.) | C17: Triple 15 | D17: 50 | E17: =+'Estudio de Mercado'!N6 -> 168900 | T17: 1 | U17: 1
B18: Insecicida Liquido (Lts/Ha.) | C18: Clorpirifos | D18: 1
B19: Insecicida (Lb/Ha.) | C19: Cebo Toxico | D19: 1 | E19: =+'Estudio de Mercado'!L5 -> 0
B20: Insecticida líquido (Lts/Ha.) | C20: Ragen | D20: 0.2 | E20: =+[2]Establecimiento!E21 -> 217019
B21: Insecicida Granular (Kg./Ha.) | C21: Attakill | D21: 0.5 | E21: =+'[2]Estudio de Mercado'!J10 -> 26794.5
B22: Correctivo (Bulto./Ha.) | C22: Caldolomita | D22: 1 | E22: =+'[2]Estudio de Mercado'!K15 -> 236.3358
B23: Correctivo (Gr./Arb.) | C23: Hidroretenedor | D23: 3 | E23: =+[2]Establecimiento!E24 -> 45342.95 | V23: 19007771 | W23: 33000000
B24: 5. Costo Jornal Promedio Region (seguridad social, aportes parafiscales, prestaciones sociales) | C24: Jornal | D24: Global | E24: =+'Mtto RP Aliso'!E24 -> 62508 | V24: =+V23/877802 -> 21.653825 | W24: =+W23/1160000 -> 28.448276
B25: 6. Herramientas (5% de la MAO) | C25: Global | D25: 0.05 | W25: =+W24/V24 -> 1.313776
B26: 7. Elementos de Proteccion Personal (5% de la MO) | C26: Global | D26: 0.05 | V26: 99601594
B27: 8. Costo Flete Promedio Mula (Trans Interno) | C27: Flete | D27: =+'Mtto RP Aliso'!D27 -> 65000 | V27: =+V26/1160000 -> 85.863443
B28: 8. Transporte Mayor Insumos (% de Insumos) | C28: Global | D28: 0.1 | G28: 1962 | H28: 359 | I28: =162.5+685 -> 847.5 | J28: =70.5+685 -> 755.5
B31: COSTOS DE MANTENIMIENTO VIGENCIA 2022 | D31: MANTENIMIENTO METAS TOTALES/Has | G31: 163 | I31: =+G31+685 -> 848
B32: Costos Proyectados a 2016
B33: Duración meses | C33: 8
B34: CATEGORIA DE INVERSIÓN | C34: Unidad | D34: Cantidad / Ha | E34: Valor Unitario ($) | F34: Valor Total/Ha ($) | G34: Valor Total Proyecto ($)
B35: 1. COSTOS DIRECTOS
B36: 1.1. MANO DE OBRA | C36: RENDIMIENTO | I36: 2020
B37: Plateo (2) | C37: Plateo | D37: 1100 | E37: =+(($E$24*D72)/D37) -> 681.90545 | F37: =+D37*E37 -> 750096 | G37: =+F37*$G$31 -> 122265648 | I37: =+'[4]P 5 C.Mant. B.P.'!$F$40 -> 291930
B38: Transporte interno de insumos | C38: Flete | D38: 3 | E38: =+D27 -> 65000 | F38: =+D38*E38 -> 195000 | G38: =+F38*$G$31 -> 31785000 | I38: =+'[4]P 5 C.Mant. B.P.'!$F$44 -> 75000
B39: Reposición (Replante) | C39: Arboles | D39: 220 | E39: =+(($E$24*D74)/D39) -> 568.25455 | F39: =+D39*E39 -> 125016 | G39: =+F39*$G$31 -> 20377608 | I39: =+'[4]P 5 C.Mant. B.P.'!$F$47 -> 97458
A40: 15 15 15 | B40: Aplicación de Fertilizantes (2) | C40: Arboles | D40: =+$D$10+$D$11 -> 1100 | E40: =+(($E$24*D76)/D40) -> 113.65091 | F40: =+D40*E40 -> 125016 | G40: =+F40*$G$31 -> 20377608 | I40: =+'[4]P 5 C.Mant. B.P.'!$F$43 -> 48840
A41: cebo | B41: Control fitosanitario | C41: Arboles | D41: =+$D$10+$D$11 -> 1100 | E41: =+(($E$24*D77)/D41) -> 56.825455 | F41: =+D41*E41 -> 62508 | G41: =+F41*$G$31 -> 10188804 | I41: =+'[4]P 5 C.Mant. B.P.'!$F$46 -> 97680 | T41: una vez por ha con el cebo
B42: Limpias (2) | C42: Mts Cuadrados | D42: 10000 | E42: =+(($E$24*D78)/D42) -> 75.0096 | F42: =+D42*E42 -> 750096 | G42: =+F42*$G$31 -> 1.2226565e+08 | I42: =+'[4]P 5 C.Mant. B.P.'!$F$48 -> 290000
B43: Adecuacion de Barreras Cortafuego | I43: =+'[4]P 5 C.Mant. B.P.'!$F$49 -> 97528
B44: SUBTOTAL MANO DE OBRA | F44: =+SUM(F37:F43) -> 2007732 | G44: =+SUM(G37:G43) -> 327260316 | I44: =SUM(I37:I43) -> 998436
B45: 1.2. INSUMOS
B46: Plántulas 20% repos. | C46: Plantulas | D46: =ROUNDUP(D10*D12,0) -> 220 | E46: =+E10 -> #REF! | F46: =+D46*E46 -> #REF! | G46: =+F46*$G$31 -> #REF! | H46: =+'[4]P 5 C.Mant. B.P.'!$D$52 -> 111 | I46: =+'[4]P 5 C.Mant. B.P.'!$F$52 -> 149073 | J46: ESTABAN TOMANDO MAL EL PORCENTAJE
B47: Triple 15 | C47: Kg. | D47: =ROUNDUP(($D$10*D17*2)/1000,0) -> 110 | E47: =+E17 -> 168900 | F47: =+D47*E47 -> 18579000 | G47: =+F47*$G$31 -> 3028377000 | H47: =+'[4]P 5 C.Mant. B.P.'!$D$53 -> 56 | I47: =+'[4]P 5 C.Mant. B.P.'!$F$53 -> 0 | J47: HAY GRAN DIFERENCIA EN LA APLICABILIDAD
A48: Lombriabono | B48: Humus | C48: Kg. | D48: =ROUNDUP((D16*2)/1,0) -> 550 | E48: =+E16 -> 67940 | F48: =+D48*E48 -> 37367000 | G48: =+F48*$G$31 -> 6090821000 | H48: =+'[4]P 5 C.Mant. B.P.'!$D$55 -> 222 | I48: =+'[4]P 5 C.Mant. B.P.'!$F$55 -> 377844 | J48: DIFERENCIA EN LA APLICABILIDAD ESTA MAL AMARRADA LA FORMULA EL MANTENIMIENTO SE LE HACE A TODAS LAS 1221 PLANTULAS
A49: cebo | B49: =+'Estudio de Mercado'!A5 -> Insecticida granular (hormiga) | C49: Litro | D49: =+D19 -> 1 | E49: =+E19 -> 0 | F49: =+D49*E49 -> 0 | G49: =+F49*$G$31 -> 0
B50: SUBTOTAL INSUMOS | F50: =+SUM(F46:F49) -> #REF! | G50: =+SUM(G46:G49) -> #REF! | I50: =SUM(I46:I49) -> 526917
B51: TOTAL COSTOS DIRECTOS ( MAO+INSUMOS) | F51: =+F44+F50 -> #REF! | G51: =+F51*$G$31 -> #REF!
B52: 2. COSTOS INDIRECTOS
B53: Herramientas (5% MANO DE OBRA NO CALIFICADA) | F53: =ROUND($F$44*$D$25,0) -> 100387 | G53: =+F53*G31 -> 16363081
B54: Elementos de Proteccion Personal (5% MANO DE OBRA NO CALIFICADA) | F54: =ROUND($F$44*$D$25,0) -> 100387 | G54: =+F54*G31 -> 16363081
B55: Transp. Insumos (10% insumos) | F55: =ROUNDUP(F50*D28,0) -> #REF! | G55: =+F55*$G$31 -> #REF!
B56: TOTAL COSTOS INDIRECTOS | F56: =SUM(F53:F55) -> #REF! | G56: =SUM(G53:G55) -> #REF!
B57: SUBTOTAL COSTO DIRECTOS + COSTOS INDIRECTOS | F57: =+F51+F56 -> #REF! | G57: =+G51+G56 -> #REF!
B58: CATEGORIA DE INVERSIÓN | C58: Unidades | D58: Tiempo | E58: Duración | F58: Unitario | G58: Total Asistencia
B59: ASISTENCIA TECNICA
B60: Ingeniero Forestal | C60: 0.01 | D60: Meses | E60: 6 | F60: =3800000*E60*C60 -> 228000 | G60: =+F60*$G$31 -> 37164000
B61: SUBTOTAL | F61: =SUM(F60) -> 228000 | G61: =+G60 -> 37164000
B62: TOTAL COSTOS (COSTOS DIRECTOS+COSTOS INDIRECTOS+ASISTENCIA TECNICA) | F62: =+F57+F61 -> #REF! | G62: =+G57+G61 -> #REF! | I62: =+G31-I63-I64-I65 -> -2126 | J62: =+I62*$F$67 -> #REF!
B63: ADMINISTRACION | C63: 0.1 | F63: =ROUND($F$62*C63,0) -> #REF! | G63: =+F63*$G$31 -> #REF! | I63: 848 | J63: =+I63*$F$67 -> #REF!
B64: IMPREVISTOS | C64: 0.01 | F64: =ROUND($F$62*C64,0) -> #REF! | G64: =+F64*$G$31 -> #REF! | I64: 756 | J64: =+I64*$F$67 -> #REF!
B65: UTILIDAD | C65: 0.05 | F65: =ROUND($F$62*C65,0) -> #REF! | G65: =+F65*$G$31 -> #REF! | I65: 685 | J65: =+I65*$F$67 -> #REF!
B66: IVA/UTILIDAD | C66: 0.19 | F66: =ROUND(F65*C66,0) -> #REF! | G66: =+F66*$G$31 -> #REF! | T66: =+SUM(G63:G66) -> #REF!
B67: TOTAL COSTO MANTENIMIENTO RP | F67: =+F62+F63+F66+F65+F64 -> #REF! | G67: =+G62+G63+G66+G65+G64 -> #REF! | H67: =+F67*718 -> #REF!
G68: =+G67+'Mtto RP Aliso'!G67+'Mtto RP Yopo'!G67+#REF! -> #REF!
G69: =+G68/1.16 -> #REF!
B70: RENDIMIENTO POR HECTAREA | I70: =+[5]Enriquecimiento!G77*1.15 -> 1.8975498e+08
B71: DESCRIPCION ACTIVIDAD | C71: UNIDAD | D71: CANTIDAD | G71: 1.6602702e+09 | I71: =+I70+I69 -> 1.8975498e+08
B72: Plateo | C72: Jornal | D72: 12
B73: Transporte interno de insumos | C73: Flete | D73: 2
B74: Reposición (Replante) | C74: Jornal | D74: 2
B75: Aplicación de Correctivos | C75: Jornal | D75: 0
B76: Aplicación de Fertilizantes | C76: Jornal | D76: 2
B77: Control fitosanitario | C77: Jornal | D77: 1
B78: Limpias | C78: Jornal | D78: 12
D79: =SUM(D72:D78) -> 31
D80: 36 jornaleles
B83: Estructurador Jorge Serafin Sechague Cortes
B84: C.C. 1010203872
B89: Estructurador Robinson Ochoa Moreno
B90: C.C. 1110513862
